 Dungeon Crawl Stone Soup version 0.31-a0-931-g7b59d4eb97 (webtiles) character file.

Game seed: 17678273777255116265

7109326 Sergey the Archmage (level 27, 201/201 HPs)
             Began as a Human Reaver on Oct 19, 2023.
             Was a High Priest of Hepliaklqana.
             Escaped with the Orb
             ... and 11 runes!
             The game lasted 04:04:17 (129223 turns).

Sergey the Archmage (Human Reaver)                Turns: 129223, Time: 04:04:18

Health: 201/201    AC: 21    Str: 10    XL:     27
Magic:  54/54      EV: 35    Int: 50    God:    Hepliaklqana [*****.]
Gold:   4680       SH:  0    Dex: 25    Spells: 8/80 levels left

rFire   + + +        e - staff "Veososch" {Fragile rF+ Will++ Int+10 Fire}
rCold   + . .        E - sphere of Battle
rNeg    + . .        g - +2 robe {rC+ rF+}
rPois   +            r - +3 crown of Dyrovepreva {rElec Int+2 SInv}
rElec   +            G - +2 cloak {rCorr}
rCorr   +            u - +2 pair of gloves
SInv    +            x - +0 pair of boots of the Jackalope {rPois rN+ Int+4}
Will    +++++        I - amulet "Voprokh" {rF+ Regen+ Int+4}
Stlth   +            f - ring "Qeocasir" {Will+ Int+6 Dex+4}
HPRegen 1.33/turn    O - ring of Myegoheil {AC+4 Str-2 Dex+5 SInv}
MPRegen 0.34/turn

%: no passive effects
@: studying 5 skills
A: reduced essence, horns 1, iridescent scales 1, screaming 1, MP-powered wands
0: Orb of Zot
}: 11/15 runes: serpentine, barnacled, slimy, silver, golden, abyssal, demonic,
glowing, magical, fiery, dark
a: Renounce Religion, Recall Ancestor, Ancestor Identity, Transference, Idealise


You escaped.
You worshipped Hepliaklqana.
Hepliaklqana was extremely pleased with you.
You visited 13 branches of the dungeon, and saw 59 of its levels.
You visited Pandemonium 3 times, and saw 20 of its levels.
You visited the Abyss 1 time.
You visited 1 ziggurat, and saw 13 of its levels.
You also visited: Sewer, Ossuary, Ice Cave and Volcano.

You collected 14202 gold pieces.
You spent 9522 gold pieces at shops.

Inventory:

Missiles
 b - a throwing net
Armour
 g - a +2 robe of resistance (worn)
 q - the +2 pair of boots of Liberalism {Int+3}
   (You found it in Pandemonium)

   Int+3:     It affects your intelligence (+3).
 r - the +3 crown of Dyrovepreva (worn) {rElec Int+2 SInv}
   (You found it on level 3 of the Elven Halls)

   Int+2:     It affects your intelligence (+2).
   rElec:     It insulates you from electricity.
   SInv:      It lets you see invisible.
 u - a +2 pair of gloves (worn)
 x - the +0 pair of boots of the Jackalope (worn) {rPois rN+ Int+4}
   (You acquired it on level 1 of the Vaults)

   Int+4:     It affects your intelligence (+4).
   rPois:     It protects you from poison rN+: It protects you from negative
   energy.
 E - the sphere of Battle (worn)
   (You bought it in a shop on level 8 of the Dungeon)

   Battle:    It summons a battlesphere in combat, with strength depending on
   Conjurations skill.
   Destructive: It enhances your destructive magic, and weakens non-destructive
   magic.
 G - a +2 cloak of preservation (worn)
 K - a +1 buckler of cold resistance
 V - a +1 buckler of fire resistance
Magical Staves
 e - the staff "Veososch" (weapon) {Fragile rF+ Will++ Int+10 Fire}
   (You found it on level 5 of the Pits of Slime)

   [staff of fire]

   Base accuracy: +5 Base damage: 5 Base attack delay: 1.2 This weapon's minimum
   attack delay (0.6) is reached at skill level 12.
   Int+10:    It affects your intelligence (+10).
   rF+:       It protects you from fire.
   Will++:    It greatly increases your willpower.
   Fragile:   It will be destroyed if unequipped.
   Fire:      It increases the power of your Fire spells.
   It falls into the 'Staves' category.
   It is a one-handed weapon.
 Y - the staff "Murhizut" {Drain rElec rF+ MP+9 Dex+5 Fire}
   (You found it on level 3 of a ziggurat)

   [staff of fire]

   Base accuracy: +5 Base damage: 5 Base attack delay: 1.2 This weapon's minimum
   attack delay (0.6) is reached at skill level 12.
   Dex+5:     It affects your dexterity (+5).
   rF+:       It protects you from fire.
   rElec:     It insulates you from electricity.
   MP+9:      It affects your magic capacity (+9).
   Drain:     It drains your maximum health when unequipped.
   Fire:      It increases the power of your Fire spells.
   It falls into the 'Staves' category.
   It is a one-handed weapon.
Jewellery
 f - the ring "Qeocasir" (left hand) {Will+ Int+6 Dex+4}
   (You found it on level 1 of the Depths)

   [ring of intelligence]

   Int+6:     It affects your intelligence (+6).
   Dex+4:     It affects your dexterity (+4).
   Will+:     It increases your willpower.
 D - the ring of the Tortoise {AC+8}
   (You found it on level 5 of a ziggurat)

   [ring of protection]

   AC+8:      It affects your AC (+8).
 I - the amulet "Voprokh" (around neck) {rF+ Regen+ Int+4}
   (You found it on level 5 of the Pits of Slime)

   [amulet of regeneration]

   Int+4:     It affects your intelligence (+4).
   rF+:       It protects you from fire.
   Regen+:    It increases your rate of health regeneration.
 J - the ring of Sinuan {rElec rCorr AC+4}
   (You took it off a fire giant on level 3 of the Depths)

   [ring of protection]

   AC+4:      It affects your AC (+4).
   rElec:     It insulates you from electricity.
   rCorr:     It protects you from acid and corrosion.
 O - the ring of Myegoheil (right hand) {AC+4 Str-2 Dex+5 SInv}
   (You found it on level 2 of the Vaults)

   [ring of protection]

   AC+4:      It affects your AC (+4).
   Str-2:     It affects your strength (-2).
   Dex+5:     It affects your dexterity (+5).
   SInv:      It lets you see invisible.
 P - the amulet of Uxekeymi {RegenMP rElec rF+ rN+ Dex+2}
   (You found it on level 3 of the Tomb of the Ancients)

   [amulet of magic regeneration]

   RegenMP:   It increases your rate of magic regeneration.
   Dex+2:     It affects your dexterity (+2).
   rF+:       It protects you from fire.
   rElec:     It insulates you from electricity.
   rN+:       It protects you from negative energy.
 S - the ring of Gaopt {Contam Fly rN++ Will+}
   (You found it in Pandemonium)

   [ring of flight]

   rN++:      It greatly protects you from negative energy.
   Will+:     It increases your willpower.
   Fly:       It grants you flight.
   Contam:    It causes magical contamination when unequipped.
Talismans
 d - a granite talisman
Wands
 c - a wand of light (27)
 i - a wand of iceblast (61)
 v - a wand of digging (34)
 A - a wand of mindburst (69)
 F - a wand of paralysis (113)
Scrolls
 j - 3 scrolls of summoning {!r}
 k - 27 scrolls of teleportation {@r3}
 l - 5 scrolls of immolation
 w - 5 scrolls of fear
 y - 10 scrolls of amnesia
 H - 2 scrolls of revelation {@r5}
 Q - 9 scrolls of blinking {@r4}
 R - 10 scrolls of vulnerability {!r}
 W - 9 scrolls of enchant armour
 X - 8 scrolls of silence {!r}
Potions
 a - 3 potions of brilliance
 h - 6 potions of haste {@q5}
 n - 14 potions of curing {@q2}
 o - 19 potions of mutation
 p - 10 potions of might {@q3}
 s - 15 potions of lignification
 t - 8 potions of enlightenment
 z - 5 potions of heal wounds {@q1}
 L - 3 potions of resistance
 M - 5 potions of magic
 N - 4 potions of invisibility
 T - 8 potions of cancellation
Miscellaneous
 B - a phial of floods
 C - a box of beasts
 U - a figurine of a ziggurat
 Z - a phantom mirror


   Skills:
 - Level 20.0 Fighting
 - Level 3.0 Short Blades
 - Level 2.0(4.1) Maces & Flails
 - Level 5.8(6.0) Staves
 - Level 6.4 Armour
 - Level 24.0 Dodging
 - Level 3.0 Stealth
 - Level 4.0 Shields
 O Level 27 Spellcasting
 + Level 16.8 Conjurations
 - Level 12.0 Summonings
 - Level 8.0 Necromancy
 - Level 2.0 Translocations
 - Level 6.0 Transmutations
 - Level 18.0 Fire Magic
 - Level 5.0 Ice Magic
 - Level 16.0 Air Magic
 - Level 5.0 Earth Magic
 - Level 5.0 Poison Magic
 - Level 10.0 Invocations
 - Level 14.0 Evocations
 - Level 16.0 Shapeshifting


You had 8 spell levels left.
You knew the following spells:

 Your Spells              Type           Power      Damage    Failure   Level
a - Bombard               Conj/Erth      66%        9d11      1%          6
b - Fulminant Prism       Conj/Hex       61%        3d26      1%          4
c - Spellforged Servitor  Conj/Summ      71%        N/A       1%          7
d - Hailstorm             Conj/Ice       100%       3d20      0%          3
e - Blink                 Tloc           86%        N/A       1%          2
f - Fire Storm            Conj/Fire      89%        8d22      13%         9
g - Sublimation of Blood  Necr           65%        N/A       0%          2
h - Passwall              Tmut/Erth      47%        N/A       1%          2
i - Freezing Cloud        Conj/Ice/Air   69%        6-21      1%          5
j - Apportation           Tloc           86%        N/A       1%          1
m - Ignition              Fire           90%        3d23      1%          8
r - Irradiate             Conj/Tmut      67%        3d34      1%          5
v - Olgreb's Toxic Radia  Pois           100%       N/A       1%          4
z - Plasma Beam           Fire/Air       88%        2x1d107   1%          6
M - Maxwell's Capacitive  Air            74%        ∞         1%          8

Your spell library contained the following spells:

 Spells                   Type           Power      Damage    Failure   Level
 Foxfire                  Conj/Fire      100%       2x1d9     0%          1
 Kiss of Death            Conj/Necr      100%       2d13      0%          1
 Magic Dart               Conj           100%       1d8       0%          1
 Necrotise                Necr           100%       1d9       0%          1
 Shock                    Conj/Air       100%       1d9       0%          1
 Sting                    Tmut/Pois      100%       1d8       0%          1
 Summon Small Mammal      Summ           100%       N/A       0%          1
 Call Imp                 Summ           100%       N/A       0%          2
 Cigotuvi's Dreadful Rot  Necr/Pois/Air  100%       N/A       0%          2
 Momentum Strike          Conj/Tloc      100%       3d10      0%          2
 Poisonous Vapours        Pois/Air       100%       N/A       0%          2
 Scorch                   Fire           100%       2d9       0%          2
 Static Discharge         Conj/Air       100%       2-7/arc   0%          2
 Call Canine Familiar     Summ           76%        N/A       0%          3
 Dazzling Flash           Conj/Hex       100%       N/A       0%          3
 Inner Flame              Hex/Fire       100%       N/A       0%          3
 Mephitic Cloud           Conj/Pois/Air  100%       N/A       0%          3
 Stone Arrow              Conj/Erth      100%       3d13      0%          3
 Swiftness                Air            85%        N/A       0%          3
 Volatile Blastmotes      Fire/Tloc      100%       2d18      0%          3
 Airstrike                Air            74%        2d(11-27) 0%          4
 Flame Wave               Conj/Fire      100%       2d21      0%          4
 Sticky Flame             Conj/Fire      100%       2d11      0%          4
 Arcjolt                  Conj/Air       74%        1d84      0%          5
 Iskenderun's Battlesphe  Conj           100%       2d15      0%          5
 Sandblast                Erth           100%       2d20      1%          1
 Slow                     Hex            100%       N/A       1%          1
 Ensorcelled Hibernation  Hex/Ice        92%        N/A       1%          2
 Jinxbite                 Hex            66%        N/A       1%          2
 Lesser Beckoning         Tloc           86%        N/A       1%          2
 Wereblood                Tmut           59%        N/A       1%          2
 Confusing Touch          Hex            33%        N/A       1%          3
 Frozen Ramparts          Ice            100%       1d16      1%          3
 Gell's Gravitas          Tloc           43%        N/A       1%          3
 Ozocubu's Armour         Ice            56%        N/A       1%          3
 Sigil of Binding         Hex            33%        N/A       1%          3
 Summon Guardian Golem    Hex/Summ       59%        N/A       1%          3
 Teleport Other           Tloc           43%        N/A       1%          3
 Tukima's Dance           Hex            33%        N/A       1%          3
 Vampiric Draining        Necr           65%        2d10      1%          3
 Anguish                  Hex/Necr       26%        N/A       1%          4
 Animate Armour           Summ/Erth      100%       N/A       1%          4
 Animate Dead             Necr           65%        N/A       1%          4
 Brom's Barrelling Bould  Conj/Erth      100%       2d11      1%          4
 Cause Fear               Hex            16%        N/A       1%          4
 Dimensional Bullseye     Hex/Tloc       19%        N/A       1%          4
 Dispel Undead            Necr           65%        3d22      1%          4
 Iskenderun's Mystic Bla  Conj/Tloc      100%       2d19      1%          4
 Leda's Liquefaction      Hex/Erth       23%        N/A       1%          4
 Manifold Assault         Tloc           43%        N/A       1%          4
 Passage of Golubria      Tloc           43%        N/A       1%          4
 Petrify                  Tmut/Erth      57%        N/A       1%          4
 Summon Ice Beast         Ice/Summ       66%        N/A       1%          4
 Vhi's Electric Charge    Tloc/Air       100%       N/A       1%          4
 Agony                    Necr           65%        N/A       1%          5
 Alistair's Intoxication  Tmut/Pois      38%        N/A       1%          5
 Lee's Rapid Deconstruct  Erth           54%        3d25*     1%          5
 Metabolic Englaciation   Hex/Ice        23%        N/A       1%          5
 Silence                  Hex/Air        32%        N/A       1%          5
 Summon Forest            Summ/Tloc      31%        N/A       1%          5
 Summon Mana Viper        Hex/Summ       59%        N/A       1%          5
 Simulacrum               Ice/Necr       30%        N/A       1%          6
 Starburst                Conj/Fire      89%        6d22      1%          6
 Summon Cactus Giant      Summ           38%        N/A       1%          6
 Monstrous Menagerie      Summ           38%        N/A       1%          7
 Summon Hydra             Summ           38%        N/A       1%          7
 Eringya's Noxious Bog    Tmut/Pois      55%        4d6       2%          6
 Haunt                    Necr/Summ      35%        N/A       2%          7
 Malign Gateway           Summ/Tloc      31%        N/A       8%          7
 Dispersal                Tloc           21%        N/A       11%         6
 Lehudib's Crystal Spear  Conj/Erth      66%        10d15     12%         8
 Ozocubu's Refrigeration  Ice            54%        4d19      17%         7
 Borgnjor's Revivificati  Necr           32%        N/A       36%         8
 Infestation              Necr           32%        N/A       36%         8
 Enfeeble                 Hex            16%        N/A       78%         7
 Disjunction              Tloc           21%        N/A       99%         8
 Discord                  Hex            16%        N/A       100%        8
 Chain Lightning          Conj/Air       74%        3d99      19%         9
 Death's Door             Necr           32%        N/A       99%         9
 Polar Vortex             Ice            54%        12d7*     100%        9
 Shatter                  Erth           54%        3d41*     100%        9


Dungeon Overview and Level Annotations

Branches:
Dungeon (15/15)            Temple (1/1) D:4            Lair (5/5) D:9
 Shoals (4/4) Lair:3        Snake (4/4) Lair:2        Slime (5/5) Lair:5
    Orc (2/2) D:10            Elf (3/3) Orc:2        Vaults (5/5) D:13
  Crypt (3/3) Vaults:3       Tomb (3/3) Crypt:3      Depths (4/4) D:15
    Zot (5/5) Depths:4      Sewer (visited)         Ossuary (visited)
  IceCv (visited)         Volcano (visited)

Altars:
Ashenzari
Cheibriados
Dithmenos
Elyvilon
Fedhas
Gozag
Hepliaklqana
Kikubaaqudgha
Makhleb
Nemelex Xobeh
Okawaru
Qazlal
Ru
Sif Muna
Trog
Uskayaw
Vehumet
Wu Jian
Xom
Yredelemnul
Zin
The Shining One
Jiyva

Shops:
D:1 *?[!*   D:8 [   D:10 (   D:11 *   Orc:1 !   Orc:2 =?[[   Elf:1 ?   Elf:2 =
Elf:3 *   Shoals:2 ***   Snake:1 [   Snake:2 *   Snake:3 *   Snake:4 *
Vaults:1 :   Depths:2 [   Depths:4 (

Portals:
Hell: Depths:1 Depths:2 Depths:3 Depths:4
Abyss: Depths:1 Depths:2 Depths:3
Pandemonium: Depths:2

Annotations:
D:7 exclusion: downstairs
Lair:3 Fannar
Snake:2 2 runed translucent doors, DEFE's ghost, adept DsFi
Snake:3 Roxanne
Slime:4 exclusion: downstairs
Elf:2 3 runed translucent doors
Depths:3 1 runed translucent door
Zot:3 exclusion: 2 downstairs
Zot:4 1 transporter


Innate Abilities, Weirdness & Mutations

Your life essence is reduced to manifest your ancestor. (-10% HP)
You have a pair of small horns on your head.
You are partially covered in iridescent scales. (AC +2)
You occasionally shout uncontrollably at your foes.
You expend magic power (3 MP) to strengthen your wands.


Message History

Magic restored.
There is a stone staircase leading up here.
You climb upwards.
There is a stone staircase leading down here.
There is a stone staircase leading up here.
You climb upwards.
There is a stone staircase leading down here.
There is a stone staircase leading up here.
You climb upwards.
There is a stone staircase leading down here.
You see here a +0 club.
There is a stone staircase leading up here.
You climb upwards.
A tormentor comes into view.
There is a stone staircase leading down here.
Casting: Plasma Beam (safe; 1% risk of failure)
Confirm with . or Enter, or press ? or * to list all spells.
Casting: Plasma Beam (safe; 1% risk of failure)
Press: ? - help, Dir - look around, f - activate You feel a strong surge of power!
The bolt of lightning hits the tormentor!!!
You kill the tormentor!
You see here a +0 robe.
Magic restored.
There is a stone staircase leading up here.
You climb upwards.
There is a stone staircase leading down here.
There is an open door here.
There is a stone staircase leading up, spattered with blood here.
You climb upwards.
There is a stone staircase leading down here.
You enter the shallow water.
Moving in this stuff is going to be slow.
There is a large open door here.
There is a large open door here.
There is a large open door here.
There is a staircase leading out of the dungeon here.
Unknown command.
Unknown command.
You have escaped!

### #.~.#~..........~#.~.#.# #.#
#.~.#~~~~~..~~~~~#.~.#.# #.# ####
#.~.######''######.~.#.# #.# ...#
#.~.#............#.~.#.# #.#
##.#####.~.#≈≈≈≈≈..≈≈≈≈≈#.~.#.# #..
.#.#...#.~.#≈≈≈≈≈..≈≈≈≈§#.~.#.# #..
...#...#.~.#............#.~.#.# #..
##.....#.~.######''######.~.#.###..
#.#...#.~8#.....@......#8~.....#..
#.#...#.~.##############.~##.#.#..
#.#.....~..8..........8..~##..)#..
#.####..~~~~~~~~~~~~~~~~~~##.##...
#.....#[.................###.##...
#.....#.#######..#######.###'##...
#.......# #####.######...........
##....### ##......................
#....# #...#'#.................


There were no monsters in sight!

Vanquished Creatures
  Cerebov (Pan)
  the Royal Jelly (Slime:5)
  Gloorx Vloq (Pan)
  Lom Lobon (Pan)
  Mnoleg (Pan)
  Khufu (Tomb:3)
  3 dread liches
  An ancient lich (Zot:5)
  7 orbs of fire (Zot:5)
  Mennas (Crypt:3)
  Mara (Shoals:4)
  18 royal mummies
  Boris (thrice) (Vaults:3 Crypt:3 Tomb:3)
  5 Killer Klowns
  A shard shrike (Zig:5)
  A caustic shrike (Zig:11)
  4 curse toes
  4 golden dragons
  Nikola (Shoals:1)
  the Enchantress (Depths:1)
  2 Tzitzimimeh
  An iron giant (Zig:11)
  4 Brimstone Fiends
  2 electric golems (Zot:5)
  3 pandemonium lords (Pan)
  Jorgrun (Snake:3)
  6 tentacled monstrosities
  3 Ice Fiends
  3 Hell Sentinels
  2 titans (Vaults:5)
  The ghost of Datograv the Stickfighter, an adept NaAE of Ru (Crypt:1)
  A deep elf blademaster (Elf:3)
  Asterion (Elf:1)
  A walking crystal tome (Depths:2)
  23 Orb Guardians
  21 acid blobs
  2 searing wretches (Zig:10)
  7 liches
  9 sphinxes
  A walking frostbound tome (Depths:3)
  4 quicksilver dragons
  A tentacled starspawn (Abyss:3)
  2 deep elf master archers (Elf:3)
  9 death cobs
  Frances (Shoals:2)
  21 ancient champions
  Agnes (Elf:1)
  11 Executioners
  9 storm dragons
  Gastronok (Lair:3)
  12 shadow dragons
  Aizul (Snake:2)
  6 nagarajas
  5 revenants
  Kirke (Lair:4)
  10 rockslimes
  A demonspawn warmonger (Zot:5)
  6 tengu reavers
  4 draconian knights
  12 fire giants
  14 frost giants
  6 draconian monks
  7 azure jellies
  A quicksilver elemental (Zig:11)
  5 draconian scorchers
  2 iron dragons
  5 balrugs
  2 ghost moths
  8 deep elf sorcerers
  Louise (Snake:3)
  13 vault wardens
  6 deep elf elementalists (Elf:3)
  3 curse skulls
  2 draconian stormcallers
  3 orc warlords
  6 spriggan defenders
  15 ironbound preservers
  A juggernaut zombie (Tomb:1)
  11 very ugly things
  12 stone giants
  4 reapers
  4 demonspawn corrupters
  13 ghouls
  14 quicksilver oozes
  7 draconian shifters
  The ghost of Wiebster667 the Blocker, a journeyman GnFi of Gozag (Lair:5)
  4 formless jellyfish
  2 war gargoyles
  12 cacodemons
  10 green draconians
  6 draconian annihilators
  2 grey draconians (Depths:4)
  5 ironbound thunderhulks
  8 deep elf demonologists
  A rockslime zombie (Crypt:1)
  5 lorocyprocas (Pan)
  6 black draconians
  3 demonspawn black suns
  7 vampire knights
  11 white draconians
  A spark wasp (shapeshifter) (Vaults:5)
  6 spark wasps
  A spectral titan (Crypt:1)
  5 red draconians
  10 dire elephants
  5 bennus
  11 purple draconians
  9 deep elf annihilators
  2 wendigos (Zig:5)
  2 green deaths (Pan)
  9 yellow draconians
  An iron golem (Zig:11)
  15 deep elf death magi
  9 ettins
  11 mummy priests
  16 merfolk impalers
  A fire dragon (shapeshifter) (Vaults:5)
  5 merfolk javelineers
  4 eidola
  2 entropy weavers
  3 fire dragons (Depths:2)
  A spectral spriggan (Crypt:1)
  7 blizzard demons
  12 jiangshi
  10 yaktaur captains
  Harold (D:11)
  3 deep elf high priests
  2 hell beasts
  9 salamander tyrants
  A spriggan zombie (Tomb:1)
  A rakshasa (Depths:2)
  28 vault guards
  9 great orbs of eyes
  5 hydras
  4 spriggan air magi
  2 fenstrider witch skeletons
  2 ghost crabs (Zig:8)
  4 merfolk aquamancers (Shoals:4)
  An anaconda (shapeshifter) (Vaults:5)
  6 ice dragons
  4 ironbound frosthearts (Vaults:1)
  2 catoblepae
  A spriggan skeleton (Crypt:3)
  13 centaur warriors
  2 ogre magi
  2 alligator snapping turtles
  9 anacondas
  3 merfolk avatars
  A death knight (D:12)
  15 naga warriors
  6 two-headed ogres
  2 satyrs (Shoals:2)
  11 vampire magi
  15 dancing weapons
  2 boulder beetles
  3 tengu warriors (Depths:1)
  13 death yaks
  20 death scarabs
  A stoker (Zig:10)
  5 deep troll shamans
  5 demonic crawlers
  A bennu skeleton (Crypt:2)
  3 spriggan berserkers
  8 deep troll earth magi
  18 naga sharpshooters
  3 hell knights
  5 shock serpents
  Nergalle (Orc:2)
  22 soul eaters
  A storm dragon zombie (Crypt:2)
  10 deep elf knights
  A thrashing horror (Abyss:3)
  2 wretched stars (Abyss:1)
  5 shadow wraiths
  4 sun demons
  38 skeletal warriors
  A sea snake (shapeshifter) (Zig:2)
  9 salamander mystics
  5 iron trolls
  18 arcanists
  4 skysharks
  An iron troll (shapeshifter) (Vaults:5)
  12 sixfirhies
  3 glowing orange brains
  A spatial maelstrom (Abyss:3)
  A quicksilver dragon simulacrum (Crypt:1)
  An orb spider (Zig:4)
  51 deep trolls
  8 flayed ghosts
  2 swamp dragons
  8 sea snakes
  11 phantasmal warriors
  3 orc knights
  2 occultists
  10 lindwurms
  7 shadow demons (Pan)
  16 deep elf archers
  11 ironbound convokers
  3 bog bodies
  A bunyip skeleton (Tomb:1)
  8 naga ritualists
  An orange crystal statue (Shoals:2)
  4 shining eyes
  2 spriggan simulacra (Crypt:1)
  26 harpies
  5 necromancers
  A shadow dragon skeleton (Crypt:3)
  5 cyclopes
  21 deep elf pyromancers
  24 deep elf zephyrmancers
  A wolf spider (Zig:4)
  A tengu skeleton (Depths:2)
  A spectral alligator snapping turtle (Crypt:1)
  A shining eye (shapeshifter) (Vaults:2)
  19 salamanders
  3 fauns (Shoals:3)
  9 orc sorcerers
  25 ugly things
  13 manticores
  6 mana vipers
  A faun (shapeshifter) (Vaults:5)
  A fire giant zombie (Depths:2)
  A manticore (shapeshifter) (Vaults:3)
  A fire giant skeleton (Depths:2)
  25 moths of wrath
  A human skeleton (Vaults:3)
  6 merfolk sirens
  A rust devil (Zig:9)
  A stone giant skeleton (Pan)
  An ice statue (IceCv)
  6 elephants (Lair:5)
  A torpor snail (Lair:5)
  3 water nymphs
  35 black mambas
  5 guardian serpents
  6 orange demons
  10 cane toads
  17 naga magi
  15 vault sentinels
  2 dire elephant skeletons
  3 centaur skeletons
  A kobold demonologist (D:10)
  11 smoke demons
  5 hellions
  A gargoyle (D:14)
  2 unseen horrors
  The ghost of Syrassil the Grave Robber, a novice HuWn (D:4)
  2 alligator snapping turtle skeletons
  6 rime drakes
  2 tengu conjurers
  5 tormentors
  18 yaktaurs
  An efreet (D:15)
  5 freezing wraiths
  An ice devil (Pan)
  2 red devils
  8 komodo dragons
  An unseen horror skeleton (Crypt:3)
  An ancient zyme (Abyss:3)
  A pale draconian skeleton (Crypt:3)
  38 guardian mummies
  A queen bee (D:13)
  2 spectral harpies (Crypt:1)
  5 polar bears
  7 hornets
  A hydra skeleton (Crypt:1)
  2 harpy zombies
  5 hellwings (Pan)
  2 harpy skeletons
  3 trolls
  Prince Ribbit (D:9)
  A tarantella (Vaults:2)
  30 merfolk
  3 meliai (D:13)
  A raiju (Abyss:3)
  A raiju (shapeshifter) (D:13)
  21 blink frogs
  103 slime creatures
  6 wind drakes
  11 snapping turtles
  19 dream sheep
  A boulder beetle zombie (Crypt:3)
  28 large abominations
  A frost giant simulacrum (Vaults:3)
  14 flying skulls
  8 water elementals
  2 air elementals
  25 yaks
  18 shadows
  A centaur simulacrum (Crypt:1)
  14 spriggans
  7 wraiths
  A wind drake zombie (Crypt:1)
  18 ushabtiu
  5 basilisks
  12 wyverns
  13 humans
  2 hogs
  17 ynoxinuls (Pan)
  2 dire elephant simulacra (Crypt:1)
  8 golden eyes
  Grum (Lair:1)
  3 steam dragons
  9 neqoxecs (Pan)
  3 fire elementals
  2 redbacks
  2 vampire mosquitoes (D:14)
  11 chaos spawn
  3 spatial vortices (Abyss:3)
  A harpy simulacrum (Crypt:1)
  28 nagas
  3 wargs
  3 hell hounds (Volcano)
  10 water moccasins
  A demonspawn skeleton (Crypt:1)
  15 orc warriors
  A black bear (D:6)
  5 ice beasts
  7 ogres
  An ettin simulacrum (Zig:5)
  21 wolves
  8 starcursed masses
  2 boggarts (Lair:5)
  A swamp dragon skeleton (Crypt:1)
  9 centaurs
  14 small abominations
  14 bullfrogs
  2 necrophages (Crypt:3)
  A glowing shapeshifter simulacrum (Vaults:3)
  3 kobold brigands
  A draconian skeleton (Crypt:3)
  4 scorpions
  4 earth elementals
  8 wights (D:8)
  A queen bee zombie (Crypt:1)
  26 killer bees
  A polar bear skeleton (Crypt:2)
  A yak skeleton (Crypt:1)
  A vampire bat (D:3)
  3 electric eels
  7 crimson imps (D:9)
  3 howler monkeys
  2 gnoll boudas
  4 hounds
  8 orc priests
  5 jellies (Lair:5)
  A basilisk skeleton (Crypt:2)
  4 iguanas
  20 orc wizards
  A sleepcap (D:4)
  10 hell rats
  A hound zombie (Crypt:2)
  32 mummies
  13 gnolls
  8 adders
  A river rat (Sewer)
  A steam dragon zombie (Crypt:2)
  2 shadow imps
  2 white imps
  2 ufetubi (D:5)
  3 worms (D:2)
  3 dart slugs
  5 fire bats
  55 orcs
  5 spectral bats
  9 ball pythons
  12 bats
  3 bat skeletons (D:3)
  A bat zombie (D:3)
  6 endoplasms
  4 giant cockroaches
  10 gnoll zombies (Ossuary)
  2 goblins (D:1)
  6 hobgoblins
  3 jackals (D:5)
  6 quokkas
  A bat simulacrum (D:3)
  3 frilled lizards
  A goblin zombie (Ossuary)
  22 kobolds
  A kobold simulacrum (Ossuary)
  3 kobold zombies (Ossuary)
  2 orc skeletons (Crypt:2)
  4 orc zombies (Ossuary)
  17 rats
  A spectral goblin (Ossuary)
  2 spectral kobolds (Ossuary)
  3 spectral rats (Ossuary)
2605 creatures vanquished.

Vanquished Creatures (collateral kills)
  3 pandemonium lords
  2 ancient liches (Zot:5)
  A juggernaut (Depths:2)
  9 royal mummies
  Bai Suzhen (Vaults:4)
  Xtahua (Vaults:3)
  Saint Roka (Vaults:1)
  A curse toe (Zig:8)
  7 golden dragons
  2 bone dragons
  A Brimstone Fiend (Pan)
  4 Hell Sentinels (Pan)
  7 tentacled monstrosities
  A lich (Zig:13)
  5 Orb Guardians (Zot:5)
  2 searing wretches (Zig:10)
  A tentacled starspawn (Abyss:3)
  5 ancient champions
  11 Executioners
  A deep elf blademaster (Elf:3)
  3 sphinxes
  7 acid blobs
  A revenant (Tomb:3)
  A storm dragon (Depths:4)
  4 shadow dragons
  Ilsuiw (Shoals:4)
  2 demonspawn warmongers (Pan)
  2 draconian knights
  8 rockslimes (Slime:5)
  5 fire giants
  A quicksilver elemental (Zig:11)
  2 frost giants
  A nagaraja (Snake:1)
  3 iron dragons
  3 vault wardens
  4 curse skulls
  2 deep elf elementalists (Elf:3)
  11 balrugs
  3 ghouls
  A stone giant (Depths:3)
  A draconian shifter (Zot:3)
  2 draconian annihilators
  2 demonspawn blood saints (Pan)
  4 cacodemons (Pan)
  A formless jellyfish (Vaults:2)
  3 ironbound preservers
  6 very ugly things
  A juggernaut skeleton (Crypt:3)
  2 war gargoyles (Zig:11)
  3 quicksilver oozes (Slime:5)
  2 reapers (Pan)
  A black draconian (Zot:3)
  2 vampire knights
  A demonspawn black sun (Pan)
  2 green draconians
  A white draconian (Zot:4)
  A red draconian (Zot:1)
  5 bennus (Tomb:3)
  A deep elf annihilator (Elf:3)
  7 lorocyprocas (Pan)
  2 dire elephants
  A yellow draconian (Zot:2)
  2 iron golems
  2 mummy priests
  2 deep elf death magi (Elf:3)
  An eidolon (Zig:13)
  3 ettins
  8 blizzard demons (Pan)
  4 jiangshi
  3 green deaths (Pan)
  3 fire dragons
  A merfolk impaler (Shoals:3)
  3 yaktaur captains
  4 great orbs of eyes
  A rakshasa (Depths:1)
  A fenstrider witch skeleton (Pan)
  An alligator (Lair:1)
  A peacekeeper (Vaults:4)
  6 ice dragons
  A vault guard (Vaults:1)
  A spriggan air mage (Depths:2)
  3 centaur warriors (Vaults:1)
  4 hell beasts (Pan)
  A merfolk aquamancer (Shoals:4)
  A death knight (D:15)
  4 anacondas
  A catoblepas (shapeshifter) (Vaults:5)
  2 two-headed ogres
  2 dancing weapons
  A naga warrior (Snake:4)
  A deep troll shaman (Depths:2)
  4 death yaks
  5 vampire magi
  A deep troll earth mage (Depths:1)
  6 demonic crawlers
  A deep elf knight (Elf:3)
  3 thrashing horrors (Abyss:3)
  10 soul eaters
  5 hell knights (Depths:1)
  2 naga sharpshooters
  A shock serpent (Snake:3)
  2 skysharks
  A crystal echidna (Zig:11)
  A fire crab (Lair:1)
  13 sixfirhies (Pan)
  11 sun demons (Pan)
  A titan skeleton (Pan)
  An arcanist (Vaults:3)
  7 skeletal warriors
  A wretched star (Abyss:3)
  4 iron trolls
  6 shadow wraiths
  21 deep trolls
  A flayed ghost (Depths:4)
  A glowing orange brain (Depths:4)
  A sea snake (Shoals:4)
  3 shadow demons (Pan)
  2 swamp dragons (Depths:4)
  3 orc knights
  2 naga ritualists
  A deep elf archer (Elf:3)
  A bunyip skeleton (Crypt:3)
  3 phantasmal warriors
  An anaconda skeleton (Pan)
  A steelbarb worm (shapeshifter) (Vaults:5)
  A lindwurm (Vaults:1)
  2 starcursed masses (Abyss:3)
  4 harpies
  An occultist (Pan)
  13 ugly things
  2 deep elf zephyrmancers
  4 deep elf pyromancers
  A stone giant zombie (Crypt:1)
  4 shining eyes
  2 mana vipers (Snake:4)
  4 manticores
  3 orc sorcerers
  A centaur zombie (Tomb:1)
  2 salamanders
  A rust devil (Pan)
  5 black mambas
  2 moths of wrath
  3 elephants (Lair:5)
  A stone giant skeleton (Pan)
  2 vault sentinels
  2 eleionoma skeletons (Crypt:1)
  4 naga magi
  13 smoke demons (Pan)
  An alligator snapping turtle zombie (Tomb:1)
  A torpor snail (Lair:1)
  11 orange demons (Pan)
  2 dire elephant zombies (Crypt:3)
  6 rime drakes
  A hellion (Abyss:3)
  3 komodo dragons
  3 efreet (Pan)
  9 yaktaurs
  2 red devils (Volcano)
  6 guardian mummies
  4 polar bears
  3 merfolk
  2 spriggan skeletons
  4 hornets
  4 hellwings (Pan)
  A wind drake (Shoals:1)
  2 dream sheep
  10 blink frogs
  A snapping turtle (Shoals:4)
  2 ettin skeletons
  3 flying skulls
  51 slime creatures
  A shadow (D:12)
  A centaur simulacrum (Crypt:1)
  8 spriggans
  10 ushabtiu
  A water elemental (Elf:1)
  18 yaks
  A hog (Lair:4)
  4 wyverns
  9 ynoxinuls (Pan)
  3 fire elementals
  7 humans (D:13)
  4 fire bats
  A golden eye (Abyss:3)
  A steam dragon (Lair:3)
  2 vampire mosquitoes (D:14)
  2 basilisks (Lair:5)
  5 neqoxecs (Pan)
  7 chaos spawn
  A spatial vortex (Abyss:3)
  11 large abominations
  2 wargs
  11 nagas
  9 water moccasins
  3 hell hounds
  2 naga skeletons (Pan)
  3 orc warriors
  A black bear (Lair:5)
  3 ogres
  15 wolves
  A boggart (Lair:5)
  2 centaurs
  A kobold brigand (D:10)
  2 small abominations
  3 bullfrogs
  An earth elemental (Elf:3)
  A necrophage (Crypt:3)
  5 killer bees
  A raiju skeleton (Crypt:1)
  A crimson imp (D:9)
  A quasit (Abyss:3)
  A wolf skeleton (Crypt:3)
  5 orc priests
  7 orc wizards
  3 hell rats
  9 mummies
  2 adders (Sewer)
  4 river rats (Sewer)
  13 orcs
  2 spectral bats (Ossuary)
  An endoplasm (Sewer)
  7 kobolds
  2 ball pythons
  A bat simulacrum (Ossuary)
  A frilled lizard (Sewer)
  2 gnoll zombies (Ossuary)
  A goblin simulacrum (Ossuary)
  3 goblin zombies (Ossuary)
  2 hobgoblin zombies (Ossuary)
  3 kobold simulacra (Ossuary)
  2 kobold zombies (Ossuary)
  3 orc zombies (Ossuary)
  9 rats (Sewer)
  2 rat simulacra (Ossuary)
  A spectral goblin (Ossuary)
  2 fire vortices
  2 starspawn tentacles (Abyss:3)
841 creatures vanquished.

Vanquished Creatures (others)
  2 demonspawn blood saints (Pan)
  A stone giant (Depths:1)
  A green death (Pan)
  2 yaktaur captains
  A shock serpent (Zig:12)
  A soul eater (Pan)
  An arcanist (Pan)
  A deep elf pyromancer (Elf:1)
  A black mamba (Zig:12)
  A vault sentinel (Vaults:1)
  A hellion (Pan)
  2 yaktaurs (Vaults:2)
  A hellwing (Pan)
  A water elemental (Elf:3)
  A naga (Snake:2)
  A lava snake (Depths:1)
  21 knights
  An ancestor (D:6)
  2 ball lightnings (Pan)
  11 fire vortices
  8 fulminant prisms (IceCv)
  4 starspawn tentacles (Abyss:1)
66 creatures vanquished.

Grand Total: 3512 creatures vanquished

Notes
Turn   | Place    | Note
-------+----------+-------------------------------------------
     0 | D:1      | Sergey the Human Reaver began the quest for the Orb.
     0 | D:1      | Reached XP level 1. HP: 16/16 MP: 3/3
   259 | D:1      | Reached skill level 1 in Stealth
   447 | D:1      | Found Efunk's Magic Scroll Boutique.
   627 | D:1      | Found Hupsiof's Assorted Antiques.
   704 | D:1      | Reached XP level 2. HP: 22/22 MP: 5/5
   707 | D:1      | Learned a level 2 spell: Momentum Strike
  1195 | D:1      | Bought a red potion for 22 gold pieces
  1221 | D:1      | Found Ukuosm's Antique Armour Boutique.
  1347 | D:1      | Reached skill level 1 in Translocations
  1536 | D:1      | Found Siphoebb's Distillery.
  1536 | D:1      | Found Fooc's Assorted Antiques.
  1545 | D:1      | Reached XP level 3. HP: 25/27 MP: 6/6
  2580 | D:1      | Bought a potion of curing for 30 gold pieces
  3224 | D:1      | Bought a pink potion for 21 gold pieces
  3406 | D:1      | Bought a scroll of identify for 22 gold pieces
  3524 | D:2      | Reached XP level 4. HP: 34/34 MP: 2/7
  4197 | D:3      | Found a snail-covered altar of Cheibriados.
  4212 | D:3      | Found a radiant altar of Vehumet.
  4377 | D:1      | Bought a fuming inky potion for 22 gold pieces
  4629 | D:3      | Reached XP level 5. HP: 41/41 MP: 8/8
  5493 | D:1      | Bought a scroll labelled OXADOLUBUXI for 24 gold pieces
  6160 | D:1      | Bought a scroll labelled MENLUL HOYL for 25 gold pieces
  6374 | D:3      | Reached XP level 6. HP: 47/49 MP: 9/9
  6416 | D:3      | Reached skill level 5 in Fighting
  7395 | D:4      | Found a staircase to the Ecumenical Temple.
  7409 | Temple   | Entered the Ecumenical Temple
  7419 | Temple   | Became a worshipper of Hepliaklqana the Forgotten
  7480 | D:4      | Learned a level 3 spell: Stone Arrow
  7530 | D:4      | Reached XP level 7. HP: 33/56 MP: 7/10
  7677 | D:4      | Found a runed translucent door.
  7716 | D:4      | Noticed Syrassil's ghost (novice HuWn)
  7858 | Temple   | Reached skill level 1 in Earth Magic
  8403 | D:5      | Entered Level 5 of the Dungeon
  8829 | D:1      | Bought a scroll of identify for 22 gold pieces
  8829 | D:1      | Identified a scroll of acquirement
  8830 | D:1      | Acquired a +2 pair of boots of rampaging
  8942 | D:5      | Found a sacrificial altar of Ru.
  9201 | D:1      | Bought 2 scrolls of identify for 44 gold pieces
  9560 | D:5      | Found an ornate altar of the Wu Jian Council.
 10055 | D:5      | Reached XP level 8. HP: 63/63 MP: 1/11
 10151 | D:5      | Learned a level 2 spell: Blink
 10192 | D:5      | Reached skill level 5 in Conjurations
 10576 | D:6      | Reached * piety under Hepliaklqana
 10579 | D:6      | Reached skill level 1 in Ice Magic
 10583 | D:6      | Learned a level 3 spell: Hailstorm
 10595 | D:6      | Found a glowing drain.
 10649 | Sewer    | Entered a sewer
 11540 | D:6      | Found a stormy altar of Qazlal.
 11564 | D:6      | Reached skill level 3 in Spellcasting
 11886 | D:1      | Bought a scroll of fog for 44 gold pieces
 12116 | D:6      | Reached XP level 9. HP: 62/62 MP: 0/13
 12416 | D:6      | Reached skill level 5 in Earth Magic
 12712 | D:7      | Found a sand-covered staircase.
 12713 | D:7      | Reached ** piety under Hepliaklqana
 12714 | D:7      | Remembered your ancestor En_Passant as a knight
 12723 | Ossuary  | Entered an ossuary
 12770 | Ossuary  | Reached skill level 5 in Ice Magic
 13557 | D:7      | Reached skill level 1 in Invocations
 13813 | D:7      | Reached skill level 4 in Spellcasting
 13832 | D:7      | Reached skill level 5 in Spellcasting
 13850 | D:7      | Reached skill level 6 in Spellcasting
 13977 | D:7      | Reached XP level 10. HP: 68/68 MP: 12/19
 14370 | D:7      | Reached skill level 5 in Dodging
 14591 | D:8      | Reached skill level 1 in Evocations
 14645 | D:8      | Found Vuthas's Antique Armour Shoppe.
 14768 | D:7      | Reached skill level 1 in Armour
 15154 | D:8      | Reached *** piety under Hepliaklqana
 15688 | D:8      | Found an opulent altar of Gozag.
 15688 | D:8      | Found a blossoming altar of Fedhas.
 16326 | D:9      | Identified the +2 whip of the Everdark {holy, Will+ MP+9
                  | Str+3}
 16418 | D:9      | Reached XP level 11. HP: 75/75 MP: 16/20
 16551 | D:9      | Found Uchaatoih's Distillery.
 16637 | D:9      | Bought a potion of brilliance for 56 gold pieces
 16743 | D:9      | Found a staircase to the Lair.
 16808 | D:9      | Found a basalt altar of Yredelemnul.
 17431 | D:9      | Noticed Prince Ribbit
 17434 | D:9      | Killed Prince Ribbit
 17435 | D:9      | Reached skill level 7 in Spellcasting
 17710 | D:1      | Bought a polished scarf for 300 gold pieces
 17710 | D:1      | Identified the scarf of the Onion {harm, rElec Int+3} (You
                  | bought it in a shop on level 1 of the Dungeon)
 17845 | D:10     | Entered Level 10 of the Dungeon
 17886 | D:10     | Reached **** piety under Hepliaklqana
 18117 | D:10     | Found a staircase to the Orcish Mines.
 18118 | D:10     | Found Ofojuon's Weapon Shoppe.
 18443 | D:10     | Noticed Joseph
 19001 | D:10     | Joseph changed into Joseph the ice beast
 19001 | D:10     | Noticed Joseph
 19002 | D:10     | Killed Joseph the ice beast
 19176 | D:11     | Reached skill level 8 in Spellcasting
 19274 | D:11     | Noticed a cyan ugly thing
 19281 | D:11     | Killed a cyan ugly thing
 19442 | D:11     | Noticed Harold
 19454 | D:11     | Killed Harold
 19553 | D:11     | Found Baeveusu's General Store.
 19616 | D:11     | Noticed a two-headed ogre
 19620 | D:11     | Killed a two-headed ogre
 19694 | D:11     | Noticed a white ugly thing
 19701 | D:11     | Killed a white ugly thing
 19702 | D:11     | Reached skill level 5 in Evocations
 20059 | D:11     | Noticed a two-headed ogre
 20064 | D:11     | Killed a two-headed ogre
 20183 | D:11     | Noticed a two-headed ogre
 20189 | D:11     | Killed a two-headed ogre
 20190 | D:11     | Reached skill level 5 in Invocations
 20190 | D:11     | Reached XP level 12. HP: 85/85 MP: 23/24
 20440 | D:11     | Reached ***** piety under Hepliaklqana
 20560 | Lair:1   | Entered Level 1 of the Lair of Beasts
 20969 | Lair:1   | Reached skill level 10 in Fighting
 21041 | Lair:1   | Noticed Grum
 21049 | Lair:1   | Killed Grum
 21073 | Lair:1   | Reached skill level 5 in Armour
 21401 | Lair:1   | Noticed Sonja
 21403 | Lair:1   | Sonja changed into Sonja the hog
 21403 | Lair:1   | Noticed Sonja
 21406 | Lair:1   | Killed Sonja the hog
 21730 | Lair:1   | Noticed a four-headed hydra
 22021 | Lair:1   | Killed a four-headed hydra
 22022 | Lair:1   | Reached skill level 9 in Spellcasting
 22248 | Lair:1   | Noticed an alligator
 22248 | Lair:1   | Noticed a fire crab
 22929 | Lair:1   | Killed an alligator
 22930 | Lair:1   | Reached XP level 13. HP: 92/92 MP: 26/26
 23090 | Lair:1   | Reached skill level 10 in Spellcasting
 24090 | Lair:2   | Found a staircase to the Snake Pit.
 24965 | Lair:2   | Learned a level 4 spell: Olgreb's Toxic Radiance
 25000 | Lair:3   | Found a staircase to the Shoals.
 25018 | Lair:3   | Noticed Gastronok
 25042 | Lair:3   | Killed Gastronok
 25043 | Lair:3   | Reached skill level 1 in Poison Magic
 25160 | Lair:3   | Noticed a catoblepas
 25171 | Lair:3   | Killed a catoblepas
 25374 | Lair:3   | Noticed a four-headed hydra
 25380 | Lair:3   | Killed a four-headed hydra
 25847 | Lair:3   | Noticed Fannar
 26368 | Lair:3   | Reached skill level 5 in Poison Magic
 26368 | Lair:3   | Reached XP level 14. HP: 102/102 MP: 1/28
 28032 | Lair:4   | Noticed Kirke
 28043 | Lair:4   | Reached skill level 11 in Spellcasting
 28043 | Lair:4   | Killed Kirke
 28378 | Lair:5   | Entered Level 5 of the Lair of Beasts
 28723 | Lair:5   | Reached skill level 12 in Spellcasting
 29131 | Lair:5   | Found a staircase to the Slime Pits.
 29131 | Lair:5   | Found a viscous altar of Jiyva.
 29526 | Lair:5   | Found a runed translucent door.
 29526 | Lair:5   | Noticed Wiebster667's ghost (journeyman GnFi)
 29550 | Lair:5   | Reached XP level 15. HP: 108/108 MP: 24/31
 29760 | Lair:5   | Reached skill level 10 in Evocations
 29772 | Lair:5   | Learned a level 5 spell: Freezing Cloud
 30000 | Lair:5   | Reached skill level 1 in Air Magic
 31265 | Lair:5   | Killed Wiebster667's ghost
 31266 | Lair:5   | Reached skill level 10 in Dodging
 31266 | Lair:5   | Reached skill level 1 in Shields
 32199 | D:12     | Found a runed translucent door.
 32852 | Orc:1    | Entered Level 1 of the Orcish Mines
 32865 | Orc:1    | Found Arog's Distillery.
 32922 | Orc:1    | Found a frozen archway.
 32938 | IceCv    | Entered an ice cave
 33462 | IceCv    | Learned a level 4 spell: Fulminant Prism
 33783 | IceCv    | Reached skill level 1 in Maces & Flails
 33879 | IceCv    | Noticed a frost giant
 33890 | IceCv    | Killed a frost giant
 34255 | Orc:1    | Reached XP level 16. HP: 116/116 MP: 31/32
 34721 | Orc:2    | Entered Level 2 of the Orcish Mines
 34909 | Orc:2    | Found a staircase to the Elven Halls.
 34914 | Orc:2    | Found a dark tunnel.
 34923 | Volcano  | Entered a volcano
 34954 | Volcano  | Found a large runed translucent door.
 34954 | Volcano  | Found a large runed translucent door.
 35219 | Volcano  | Found a large runed translucent door.
 35219 | Volcano  | Found a large runed translucent door.
 35230 | Volcano  | Found a large runed translucent door.
 35230 | Volcano  | Found a large runed translucent door.
 35239 | Volcano  | Found a large runed translucent door.
 35239 | Volcano  | Found a large runed translucent door.
 35275 | Volcano  | Found a large runed translucent door.
 35276 | Volcano  | Found a large runed translucent door.
 35314 | Volcano  | Found a large runed translucent door.
 35314 | Volcano  | Found a large runed translucent door.
 35406 | Volcano  | Found a large runed translucent door.
 35406 | Volcano  | Found a large runed translucent door.
 35625 | Volcano  | Found a large runed translucent door.
 35625 | Volcano  | Found a large runed translucent door.
 35633 | Volcano  | Found a large runed translucent door.
 35633 | Volcano  | Found a large runed translucent door.
 36388 | Orc:2    | Reached skill level 5 in Air Magic
 36637 | Orc:2    | Found Foprug's Jewellery Emporium.
 36658 | Orc:2    | Found an ancient bone altar of Kikubaaqudgha.
 36659 | Orc:2    | Noticed Nergalle
 36668 | Orc:2    | Killed Nergalle
 36878 | Orc:2    | Found Jenarch's Magic Scroll Shoppe.
 37114 | Orc:2    | Found Seteush's Antique Armour Shoppe.
 37173 | Orc:2    | Found Minaoxeuthy's Antique Armour Emporium.
 37209 | Orc:2    | Bought a scroll of acquirement for 832 gold pieces
 37209 | Orc:2    | Bought a scroll of blinking for 120 gold pieces
 37209 | Orc:2    | Bought a scroll of blinking for 120 gold pieces
 37209 | Orc:2    | Acquired 839 gold pieces
 37213 | Orc:2    | Found a radiant altar of Vehumet.
 37400 | Orc:2    | Learned a level 5 spell: Irradiate
 37637 | D:13     | Reached skill level 1 in Transmutations
 37884 | D:13     | Found a radiant altar of Vehumet.
 38003 | D:13     | Reached ****** piety under Hepliaklqana
 38611 | D:13     | Identified the +3 scimitar of Fundamental Breach {holy, rF+
                  | Str+3}
 38872 | D:13     | Found a gate to the Vaults.
 39572 | D:14     | You fall into a shaft and drop 1 floor!
 39572 | D:15     | Entered Level 15 of the Dungeon
 39696 | D:14     | Reached skill level 5 in Transmutations
 39779 | D:14     | Identified the +0 leather armour of the Fisher {-Cast Will+
                  | Regen+}
 40590 | D:15     | Reached skill level 13 in Spellcasting
 40887 | D:15     | Reached XP level 17. HP: 125/125 MP: 17/34
 41679 | D:15     | Found a staircase to the Depths.
 42077 | D:4      | Killed Syrassil's ghost
 42686 | D:8      | Bought the sphere of Battle for 2000 gold pieces
 42686 | D:8      | Found the sphere of Battle
 42863 | Snake:1  | Entered Level 1 of the Snake Pit
 43022 | Snake:1  | Reached skill level 14 in Spellcasting
 43281 | Snake:1  | Found Zutuo's Antique Armour Shop.
 44241 | Snake:2  | Reached skill level 15 in Fighting
 44333 | Snake:2  | Found Qosuv's General Store.
 44413 | Snake:2  | Reached skill level 1 in Fire Magic
 44847 | Snake:2  | Noticed Aizul
 44857 | Snake:2  | Killed Aizul
 44989 | Snake:2  | You fall into a shaft and drop 1 floor!
 45032 | Snake:3  | Learned a level 6 spell: Plasma Beam
 45036 | Snake:3  | Found Miska's CLEARANCE SALE!.
 45345 | Snake:2  | Found a large runed translucent door.
 45345 | Snake:2  | Found a large runed translucent door.
 45346 | Snake:2  | Noticed DEFE's ghost (adept DsFi)
 45770 | Snake:2  | Reached skill level 5 in Fire Magic
 46062 | Snake:3  | Reached XP level 18. HP: 134/134 MP: 23/36
 46359 | Snake:3  | Noticed Jorgrun
 46365 | Snake:3  | Killed Jorgrun
 46508 | Snake:3  | Noticed Roxanne
 46904 | Snake:3  | Noticed Louise
 46931 | Snake:3  | Killed Louise
 47517 | Snake:4  | Entered Level 4 of the Snake Pit
 47726 | Snake:4  | Found Ytusch's Overcharged Wands.
 49113 | Orc:2    | Bought an amulet of regeneration for 300 gold pieces
 50869 | Snake:4  | Reached skill level 15 in Spellcasting
 51155 | Snake:4  | Got a serpentine rune of Zot
 51656 | Shoals:1 | Entered Level 1 of the Shoals
 51824 | Shoals:1 | Noticed Nikola
 51833 | Shoals:1 | Killed Nikola
 51834 | Shoals:1 | Reached XP level 19. HP: 132/139 MP: 38/38
 52823 | Shoals:2 | Noticed Frances
 53078 | Shoals:2 | Reached skill level 16 in Spellcasting
 53570 | Shoals:2 | Found Koroulag's Assorted Antiques.
 53644 | Shoals:2 | Killed Frances
 53726 | Shoals:2 | Found a transporter.
 53975 | Shoals:2 | Found a transporter.
 54426 | Shoals:2 | Found Cuirihequa's Assorted Antiques.
 54440 | Shoals:2 | Found Jemoinix's Assorted Antiques.
 54730 | Shoals:3 | Reached skill level 17 in Spellcasting
 55903 | Shoals:4 | Identified the "Agiume"
 55903 | Shoals:4 | Entered Level 4 of the Shoals
 55906 | Shoals:4 | Noticed Ilsuiw
 55921 | Shoals:4 | Killed Ilsuiw
 56719 | Shoals:4 | Reached skill level 18 in Spellcasting
 57000 | Shoals:4 | Got a barnacled rune of Zot
 57045 | Shoals:4 | Noticed Mara
 57054 | Shoals:4 | Killed Mara
 57079 | Shoals:4 | Reached XP level 20. HP: 135/145 MP: 22/42
 59156 | Depths:1 | Identified the "Faigin"
 59156 | Depths:2 | Identified the of Kufaig
 59156 | Depths:2 | Identified the "Plog"
 59156 | Elf:1    | Entered Level 1 of the Elven Halls
 59159 | Elf:1    | Noticed Agnes
 59168 | Elf:1    | Killed Agnes
 59560 | Elf:1    | Found Xorphur's Magic Scroll Boutique.
 60484 | Elf:1    | Paralysed by an air elemental for 1 turns
 60491 | Elf:1    | Paralysed by an air elemental for 1 turns
 60491 | Elf:1    | Noticed Asterion
 60494 | Elf:1    | Killed Asterion
 60958 | Elf:1    | Bought a scroll of blinking for 82 gold pieces
 61479 | Elf:2    | Found a runed translucent gate.
 61479 | Elf:2    | Found a runed translucent gate.
 61479 | Elf:2    | Found a runed translucent gate.
 61487 | Elf:2    | Reached skill level 10 in Invocations
 61537 | Elf:2    | Found Jaul's Jewellery Shoppe.
 62224 | Elf:2    | Reached skill level 10 in Air Magic
 62339 | Elf:3    | Identified the "Qywnok"
 62339 | Elf:3    | Entered Level 3 of the Elven Halls
 63011 | Elf:3    | Identified the -1 cloak "Cuf Geod" {Str+3 SInv}
 63189 | Elf:3    | Found Zammeket's Assorted Antiques.
 63639 | Elf:3    | Reached XP level 21. HP: 125/151 MP: 28/43
 65199 | Elf:3    | Identified the +4 short sword of the Teaching Gods {elec,
                  | Fragile Dex+6}
 65220 | Elf:3    | Reached skill level 15 in Dodging
 65222 | Elf:3    | Identified the +1 robe of the Armoured One {rCorr}
 65478 | Elf:3    | Found the +3 crown of Dyrovepreva {rElec Int+2 SInv}
 66527 | Vaults:1 | Entered Level 1 of the Vaults
 66678 | Vaults:1 | Found Xeomoh's Book Shoppe.
 66685 | Vaults:1 | Bought a book of Power for 546 gold pieces
 66693 | Vaults:1 | Learned a level 7 spell: Spellforged Servitor
 66697 | Vaults:1 | Noticed Saint Roka
 66707 | Vaults:1 | Killed Saint Roka
 66850 | Vaults:1 | Reached skill level 1 in Summonings
 67738 | Vaults:1 | Identified the +1 robe "Tonokig" {rF+ rN+}
 67862 | Vaults:1 | Acquired the +0 pair of boots of the Jackalope {rPois rN+
                  | Int+4}
 67970 | Vaults:1 | Reached XP level 22. HP: 157/157 MP: 12/44
 68654 | Vaults:1 | Reached skill level 5 in Summonings
 69028 | Vaults:1 | Reached skill level 10 in Conjurations
 71191 | Vaults:2 | Reached skill level 10 in Summonings
 72382 | Vaults:2 | Identified the ring of Myegoheil {AC+4 Str-2 Dex+5 SInv}
 72465 | Vaults:3 | Noticed Boris
 72473 | Vaults:3 | Killed Boris
 73397 | Vaults:3 | Reached XP level 23. HP: 162/162 MP: 31/45
 73529 | Vaults:3 | Found a staircase to the Crypt.
 74412 | Vaults:3 | Identified the +3 leather armour of Least Resistance {rElec
                  | rPois Will- Regen+}
 75026 | Vaults:3 | Noticed Xtahua
 75034 | Vaults:3 | Killed Xtahua
 75484 | Vaults:3 | Learned a level 2 spell: Sublimation of Blood
 75852 | Vaults:3 | Reached skill level 1 in Necromancy
 77005 | Vaults:4 | Noticed Bai Suzhen
 77017 | Vaults:4 | Killed Bai Suzhen
 78427 | Depths:1 | Entered Level 1 of the Depths
 78450 | Depths:1 | Noticed the Enchantress
 78463 | Depths:1 | Killed the Enchantress
 78649 | Depths:1 | Reached skill level 5 in Necromancy
 78697 | Depths:1 | Learned a level 6 spell: Bombard
 78926 | Depths:1 | Reached XP level 24. HP: 169/169 MP: 36/45
 79474 | Depths:1 | Reached skill level 19 in Spellcasting
 79703 | Depths:1 | Found a one-way gate to the infinite horrors of the Abyss.
 80022 | Depths:1 | Found a gateway to Hell.
 80190 | Depths:1 | Identified the ring "Qeocasir" {Will+ Int+6 Dex+4}
 80195 | Depths:1 | Identified the +1 scimitar "Suosoc" {pain, rPois Will++
                  | Str+5}
 80421 | Depths:1 | Found a burning altar of Makhleb.
 80733 | Depths:2 | Found a snail-covered altar of Cheibriados.
 80991 | Depths:1 | Learned a level 8 spell: Maxwell's Capacitive Coupling
 81517 | Depths:2 | Noticed a juggernaut
 81523 | Depths:2 | Killed a juggernaut
 82497 | Depths:2 | You fall into a shaft and drop 2 floors!
 82497 | Depths:4 | Entered Level 4 of the Depths
 82750 | Depths:4 | Identified the +13 plate armour of Zin's Pride {MP+9 Int+7}
 82815 | Depths:3 | Reached XP level 25. HP: 130/174 MP: 36/46
 83534 | Depths:3 | Found a one-way gateway to a ziggurat.
 83668 | Depths:3 | Identified the ring of Sinuan {rElec rCorr AC+4}
 83881 | Depths:3 | Identified the ring of Lies {AC+4 Dex+3 Slay+3}
 84103 | Depths:3 | Found a runed translucent door.
 84114 | Depths:3 | Found a runed translucent door.
 84114 | Depths:3 | Found a runed translucent door.
 84136 | Depths:3 | Identified the ring of Xeuzent {rPois Str+2 Int+4}
 84252 | Depths:3 | Identified the ring "Gaekhyism" {rN+ rCorr}
 84380 | Depths:3 | Reached skill level 20 in Spellcasting
 85329 | Depths:2 | Found Ragolysa's Armour Boutique.
 85727 | Depths:2 | Found a one-way gate leading to the halls of Pandemonium.
 86116 | Depths:4 | Found Uhocwyuga's Antique Weapon Emporium.
 86391 | Depths:4 | Bought a bloodstained mace for 280 gold pieces
 86391 | Depths:4 | Identified the +9 mace of Mygew {heavy, SInv} (You bought
                  | it in a shop on level 4 of the Depths)
 86916 | Depths:4 | Reached skill level 15 in Air Magic
 87006 | Depths:4 | Found a gate to the Realm of Zot.
 87727 | Slime:1  | Entered Level 1 of the Pits of Slime
 88558 | Slime:3  | Learned a level 8 spell: Ignition
 88576 | Slime:5  | Entered Level 5 of the Pits of Slime
 88604 | Slime:5  | Reached skill level 10 in Fire Magic
 88610 | Slime:5  | Noticed the Royal Jelly
 88776 | Slime:4  | Reached XP level 26. HP: 180/180 MP: 40/47
 91476 | Slime:5  | Killed the Royal Jelly
 91965 | Slime:5  | Identified the staff "Veososch" {Fragile rF+ Will++ Int+10
                  | Fire}
 92067 | Slime:5  | Got a slimy rune of Zot
 92123 | Slime:5  | Identified the amulet "Voprokh" {rF+ Regen+ Int+4}
 92152 | Slime:5  | Identified the staff "Robiezxe" {rC+ rN+ Dex+5 Ice}
 92614 | Vaults:5 | Entered Level 5 of the Vaults
 93306 | Vaults:5 | Reached skill level 15 in Fire Magic
 94557 | Vaults:5 | Identified the +2 cloak "Vetim" {rC- Will+ Stlth+}
 94566 | Vaults:5 | Reached XP level 27. HP: 186/186 MP: 30/47
 94578 | Vaults:5 | Identified the amulet of the Endless Expanse {RegenMP rElec
                  | rN+ Will- Int+8}
 94588 | Vaults:5 | Noticed a dread lich
 94592 | Vaults:5 | Killed a dread lich
 95117 | Vaults:5 | Identified the +8 glaive of Ash {heavy, *Noise rElec rPois
                  | Int+4}
 95658 | Vaults:5 | Acquired 996 gold pieces
 95745 | Vaults:5 | Got a silver rune of Zot
 96307 | Snake:2  | Bought a potion of curing for 51 gold pieces
 96307 | Snake:2  | Bought a phantom mirror for 680 gold pieces
 96307 | Snake:2  | Bought a potion of mutation for 136 gold pieces
 96307 | Snake:2  | Bought a scroll of teleportation for 51 gold pieces
 96639 | Elf:3    | Bought a potion of haste for 270 gold pieces
 96639 | Elf:3    | Bought 3 scrolls of blinking for 607 gold pieces
 96639 | Elf:3    | Bought a potion of haste for 270 gold pieces
 96639 | Elf:3    | Bought a scroll of blinking for 202 gold pieces
 96639 | Elf:3    | Bought a scroll of blinking for 202 gold pieces
 96918 | D:1      | Bought a potion of invisibility for 80 gold pieces
 96918 | D:1      | Bought a potion of curing for 30 gold pieces
 96918 | D:1      | Bought a potion of might for 40 gold pieces
 96918 | D:1      | Bought 2 potions of curing for 60 gold pieces
 96918 | D:1      | Bought a potion of haste for 100 gold pieces
 96918 | D:1      | Bought a potion of haste for 100 gold pieces
 96918 | D:1      | Bought a potion of might for 40 gold pieces
 96918 | D:1      | Bought a potion of enlightenment for 50 gold pieces
 96918 | D:1      | Bought a potion of heal wounds for 50 gold pieces
 97127 | Orc:1    | Bought a potion of curing for 36 gold pieces
 97127 | Orc:1    | Bought a potion of haste for 120 gold pieces
 97127 | Orc:1    | Bought a potion of invisibility for 96 gold pieces
 97216 | D:9      | Bought a potion of enlightenment for 70 gold pieces
 97216 | D:9      | Bought a potion of cancellation for 112 gold pieces
 97216 | D:9      | Bought a potion of mutation for 112 gold pieces
 97216 | D:9      | Bought 2 potions of cancellation for 224 gold pieces
 97216 | D:9      | Bought a potion of curing for 42 gold pieces
 97216 | D:9      | Bought a potion of haste for 140 gold pieces
 97216 | D:9      | Bought 2 potions of mutation for 224 gold pieces
 97216 | D:9      | Bought a potion of might for 56 gold pieces
 97216 | D:9      | Bought a potion of magic for 112 gold pieces
 97565 | Shoals:2 | Bought a scroll of blinking for 247 gold pieces
 97932 | Crypt:1  | Entered Level 1 of the Crypt
 99376 | Crypt:1  | Found a runed translucent gate.
 99376 | Crypt:1  | Found a runed translucent gate.
 99376 | Crypt:1  | Found a runed translucent gate.
 99378 | Crypt:1  | Noticed Datograv's ghost (adept NaAE)
100075 | Crypt:2  | Reached skill level 21 in Spellcasting
100528 | Crypt:1  | Killed Datograv's ghost
100862 | Crypt:2  | Noticed a dread lich
100866 | Crypt:2  | Killed a dread lich
102543 | Crypt:3  | Entered Level 3 of the Crypt
103263 | Crypt:3  | Noticed Mennas
103278 | Crypt:3  | Killed Mennas
103688 | Crypt:3  | Noticed Boris
103691 | Crypt:3  | Killed Boris
104205 | Crypt:3  | Found a staircase to the Tomb.
104580 | Crypt:3  | Noticed a royal mummy
104586 | Crypt:3  | Killed a royal mummy
104772 | Crypt:3  | Found a basalt altar of Yredelemnul.
104773 | Crypt:3  | Identified the ring "Veul" {rN+ rCorr SInv}
104848 | Crypt:3  | Found an ancient bone altar of Kikubaaqudgha.
105617 | Zot:1    | Entered Level 1 of the Realm of Zot
105993 | Zot:1    | Identified the +2 leather armour of Fun and Games {rN++
                  | Str+5 Stlth-}
109640 | Zot:3    | Identified the +7 glaive "Ixtatzem" {antimagic, rElec rC++
                  | Str+2 Dex-3}
111663 | Zot:4    | Found a transporter.
111726 | Zot:5    | Entered Level 5 of the Realm of Zot
113069 | Zot:5    | Noticed an ancient lich
113072 | Zot:5    | Killed an ancient lich
113143 | Zot:5    | Noticed a Killer Klown
113265 | Zot:5    | Killed a Killer Klown
113422 | Zot:5    | Noticed an orb of fire
113424 | Zot:5    | Noticed an orb of fire
113425 | Zot:5    | Gained mutation: Your magical capacity is low. (-10% MP)
                  | [an orb of fire]
113426 | Zot:5    | Killed an orb of fire
113429 | Zot:5    | Gained mutation: You are frail. (-10% HP) [an orb of fire]
113430 | Zot:5    | Killed an orb of fire
113521 | Zot:5    | Lost mutation: Your magical capacity is low. (-10% MP)
                  | [potion of mutation]
113521 | Zot:5    | Lost mutation: You are frail. (-10% HP) [potion of
                  | mutation]
113521 | Zot:5    | Gained mutation: You are partially covered in iridescent
                  | scales. (AC +2) [potion of mutation]
113521 | Zot:5    | Gained mutation: You expend magic power (3 MP) to
                  | strengthen your wands. [potion of mutation]
113521 | Zot:5    | Gained mutation: You have a pair of small horns on your
                  | head. [potion of mutation]
113558 | Zot:5    | Noticed a Killer Klown
113565 | Zot:5    | Killed a Killer Klown
113719 | Zot:5    | Noticed an orb of fire
113727 | Zot:5    | Killed an orb of fire
113953 | Zot:5    | Noticed a Killer Klown
113958 | Zot:5    | Killed a Killer Klown
114076 | Zot:5    | Noticed an orb of fire
114085 | Zot:5    | Killed an orb of fire
114089 | Zot:5    | Noticed an orb of fire
114094 | Zot:5    | Killed an orb of fire
114099 | Zot:5    | Noticed a dread lich
114103 | Zot:5    | Killed a dread lich
114119 | Zot:5    | Noticed an orb of fire
114134 | Zot:5    | Killed an orb of fire
114312 | Zot:5    | Noticed a Killer Klown
114322 | Zot:5    | Killed a Killer Klown
114545 | Zot:5    | Noticed an orb of fire
114550 | Zot:5    | Killed an orb of fire
114554 | Zot:5    | Noticed an ancient lich
114557 | Zot:5    | Killed an ancient lich
114561 | Zot:5    | Reached skill level 22 in Spellcasting
114567 | Zot:5    | Noticed an ancient lich
114575 | Zot:5    | Killed an ancient lich
114710 | Zot:5    | Identified the +4 mace of the Resonant God {freeze, rPois
                  | rC+ Int-2}
115170 | Tomb:3   | Identified the "Tiagyas"
115170 | Tar:7    | Identified the "Ynakhlit"
115170 | Tar:7    | Identified the "Jeugg"
115170 | Pan      | Entered Pandemonium
115842 | Pan      | Noticed Qucwiatt the pandemonium lord
115853 | Pan      | Gained mutation: You occasionally shout uncontrollably at
                  | your foes. [a neqoxec]
115854 | Pan      | Killed Qucwiatt the pandemonium lord
116458 | Pan      | Noticed Joqew the pandemonium lord
116459 | Pan      | Killed Joqew the pandemonium lord
116499 | Depths:2 | Escaped Pandemonium
116603 | Pan      | Entered Pandemonium
116620 | Pan      | Noticed Huptucam the pandemonium lord
116642 | Pan      | Killed Huptucam the pandemonium lord
116675 | Pan      | Got a demonic rune of Zot
116794 | Pan      | Learned a level 2 spell: Passwall
116829 | Pan      | Reached skill level 23 in Spellcasting
116864 | Depths:2 | Escaped Pandemonium
116966 | Pan      | Entered Pandemonium
117128 | Pan      | Reached skill level 1 in Staves
117348 | Pan      | Noticed Zanerch the pandemonium lord
117359 | Pan      | Killed Zanerch the pandemonium lord
117510 | Pan      | Learned a level 1 spell: Apportation
117631 | Pan      | Identified the +4 quarterstaff of the Traitor {freeze,
                  | Dex+4}
117642 | Pan      | Entered the realm of Mnoleg.
117762 | Pan      | Noticed Mnoleg
117766 | Pan      | Killed Mnoleg
117767 | Pan      | Reached skill level 5 in Staves
117804 | Pan      | Got a glowing rune of Zot
117915 | Pan      | Entered the realm of Gloorx Vloq.
117915 | Pan      | Noticed Gloorx Vloq
118231 | Pan      | Reached skill level 24 in Spellcasting
118559 | Pan      | Killed Gloorx Vloq
118597 | Pan      | Got a dark rune of Zot
118815 | Pan      | Entered the realm of Lom Lobon.
119153 | Pan      | Noticed Lom Lobon
119158 | Pan      | Killed Lom Lobon
119159 | Pan      | Reached skill level 25 in Spellcasting
119459 | Pan      | Got a magical rune of Zot
119520 | Pan      | Reached skill level 1 in Shapeshifting
119571 | Pan      | Identified the "Reopercho"
119571 | Pan      | Identified the "Diolia"
119571 | Pan      | Identified the "Xerian"
119571 | Pan      | Identified the of Xixzis
119628 | Pan      | Entered the realm of Cerebov.
119666 | Pan      | Identified the +11 flail of Ru's Delight {speed, rElec
                  | Will++ Str+3 Int+3}
119710 | Pan      | Identified the +6 dagger of the Scuffed God {heavy, rPois
                  | SInv Stlth+}
119817 | Pan      | Found the +6 sword of Cerebov {flame}
119817 | Pan      | Noticed Cerebov
119825 | Pan      | Killed Cerebov
119828 | Pan      | Identified the +3 war axe of Slow Death {drain, Will-
                  | Str+3}
119916 | Pan      | Identified the +2 pair of boots of Liberalism {Int+3}
119917 | Pan      | Identified the ring of Gaopt {Contam Fly rN++ Will+}
119927 | Pan      | Identified the staff "Balac" {rF+ rC+ rN+ Dex-5 Necro}
119947 | Pan      | Identified the +3 quarterstaff of Courage {heavy, rPois
                  | rC++ MP+9}
120152 | Pan      | Identified the +0 robe of Existentialism {Dex+7 SInv}
120176 | Pan      | Identified the +0 long sword "Ynocwaj" {chaos, *Corrode
                  | Str-3 Int+8 Dex+7}
120216 | Pan      | Identified the ring "Paodd" {Fire rPois MP-9 Int+3 SInv}
120255 | Pan      | Got a fiery rune of Zot
120613 | Pan      | Reached skill level 5 in Shapeshifting
120792 | Pan      | Noticed Mofrihell the pandemonium lord
120923 | Pan      | Found an exit through the horrors of the Abyss.
120939 | Pan      | Took an exit into the Abyss.
120939 | Abyss:1  | Escaped into the Abyss
121015 | Abyss:1  | Found a corrupted altar of Lugonu.
121115 | Abyss:1  | Found a corrupted altar of Lugonu.
121115 | Abyss:1  | Found a corrupted altar of Lugonu.
121389 | Abyss:3  | Reached skill level 26 in Spellcasting
121568 | Abyss:3  | Got an abyssal rune of Zot
121726 | Depths:2 | Escaped the Abyss
122675 | Zig:1    | Entered Level 1 of a ziggurat
122716 | Zig:2    | Entered Level 2 of a ziggurat
122717 | Zig:2    | Noticed a Killer Klown
122721 | Zig:2    | Killed a Killer Klown
122810 | Zig:3    | Entered Level 3 of a ziggurat
122912 | Zig:3    | Identified the staff "Murhizut" {Drain rElec rF+ MP+9 Dex+5
                  | Fire}
122922 | Zig:4    | Entered Level 4 of a ziggurat
122987 | Zig:4    | Identified the +3 scale mail "Taohoin" {-Tele Int+3 SInv}
122993 | Zig:5    | Entered Level 5 of a ziggurat
122998 | Zig:5    | Noticed a shard shrike
123000 | Zig:5    | Killed a shard shrike
123071 | Zig:5    | Found the ring of the Tortoise {AC+8}
123098 | Zig:6    | Entered Level 6 of a ziggurat
123236 | Zig:6    | Identified the +8 battleaxe "Pikhetsemp" {heavy, Contam
                  | rPois Str+4 Dex+2}
123251 | Zig:6    | Identified the +5 scale mail "Jypit" {rPois rN+ Stlth+}
123258 | Zig:7    | Entered Level 7 of a ziggurat
123412 | Zig:7    | Identified the +1 trident "Bibry" {antimagic, rF++ SInv}
123417 | Zig:8    | Entered Level 8 of a ziggurat
123426 | Zig:8    | Reached skill level 27 in Spellcasting
123574 | Zig:8    | Identified the +4 trident "Wabboq" {freeze, Str+3 SInv}
123581 | Zig:8    | Identified the +9 dagger of Komurerr {heavy, rPois rC+}
123588 | Zig:9    | Entered Level 9 of a ziggurat
123602 | Zig:9    | Reached skill level 10 in Shapeshifting
123602 | Zig:9    | Noticed Raonytt the pandemonium lord
123609 | Zig:9    | Killed Raonytt the pandemonium lord
123761 | Zig:9    | Identified the ring of Oluebali {Fly Dex+3}
123763 | Zig:9    | Identified the ring of the Coward {+Blink Will+ Str+6}
123773 | Zig:10   | Entered Level 10 of a ziggurat
123951 | Zig:10   | Identified the +10 shortbow of War {freeze, rN++ rCorr
                  | Str-5 Int+2}
123969 | Zig:10   | Identified the staff "Wypir" {rF+ Will+ Fire}
123975 | Zig:11   | Entered Level 11 of a ziggurat
124270 | Zig:11   | Identified the +7 chain mail of Pise Tex {MP-9 Str+4}
124279 | Zig:11   | Identified the +1 robe of Gallantry {Regen+ Dex+2}
124293 | Zig:12   | Entered Level 12 of a ziggurat
124430 | Zig:12   | Identified the +6 shortbow of Kismet {freeze, rElec}
124458 | Zig:12   | Learned a level 9 spell: Fire Storm
124464 | Zig:13   | Entered Level 13 of a ziggurat
124656 | Zig:13   | Identified the ring of the Forgotten Runes {rElec rPois
                  | Int+3 Dex+3}
125006 | Tomb:1   | Entered Level 1 of the Tomb of the Ancients
125597 | Tomb:1   | Identified the +1 robe of Impressiveness {*Slow rC++}
125597 | Tomb:1   | Noticed a royal mummy
125597 | Tomb:1   | Noticed a royal mummy
125600 | Tomb:1   | Killed a royal mummy
125601 | Tomb:1   | Killed a royal mummy
125985 | Tomb:1   | Noticed a royal mummy
125985 | Tomb:1   | Noticed a royal mummy
125985 | Tomb:1   | Noticed a royal mummy
125985 | Tomb:1   | Noticed a royal mummy
125987 | Tomb:1   | Noticed a royal mummy
125988 | Tomb:1   | Killed a royal mummy
125988 | Tomb:1   | Killed a royal mummy
125989 | Tomb:1   | Reached skill level 15 in Shapeshifting
125989 | Tomb:1   | Killed a royal mummy
125992 | Tomb:1   | Killed a royal mummy
125992 | Tomb:1   | Noticed a royal mummy
125994 | Tomb:1   | Killed a royal mummy
125999 | Tomb:1   | Noticed a royal mummy
126001 | Tomb:1   | Killed a royal mummy
126006 | Tomb:1   | Noticed a royal mummy
126009 | Tomb:1   | Killed a royal mummy
126012 | Tomb:1   | Noticed a royal mummy
126013 | Tomb:1   | Killed a royal mummy
126019 | Tomb:1   | Killed a royal mummy
126111 | Tomb:1   | Noticed a royal mummy
126114 | Tomb:1   | Killed a royal mummy
126115 | Tomb:1   | Noticed a royal mummy
126116 | Tomb:1   | Noticed a royal mummy
126118 | Tomb:1   | Killed a royal mummy
126120 | Tomb:1   | Killed a royal mummy
126122 | Tomb:1   | Noticed a royal mummy
126132 | Tomb:1   | Killed a royal mummy
126253 | Tomb:1   | Noticed a royal mummy
126259 | Tomb:1   | Killed a royal mummy
126259 | Tomb:1   | Noticed a royal mummy
126266 | Tomb:1   | Killed a royal mummy
126543 | Tomb:2   | Noticed a royal mummy
126543 | Tomb:2   | Noticed a royal mummy
126543 | Tomb:2   | Noticed a royal mummy
126546 | Tomb:2   | Noticed a royal mummy
126549 | Tomb:2   | Killed a royal mummy
126868 | Tomb:3   | Entered Level 3 of the Tomb of the Ancients
126888 | Tomb:3   | Noticed a royal mummy
126891 | Tomb:3   | Noticed a royal mummy
126891 | Tomb:3   | Noticed a royal mummy
126891 | Tomb:3   | Noticed a royal mummy
126892 | Tomb:3   | Killed a royal mummy
126893 | Tomb:3   | Noticed Boris
126898 | Tomb:3   | Killed a royal mummy
126898 | Tomb:3   | Killed a royal mummy
126899 | Tomb:3   | Found the +8 Wrath of Trog {antimagic, *Rage Rampage}
126899 | Tomb:3   | Found the +10 morningstar "Eos" {elec, Halo rElec}
126899 | Tomb:3   | Killed Boris
126907 | Tomb:3   | Noticed a royal mummy
126915 | Tomb:3   | Killed a royal mummy
126915 | Tomb:3   | Noticed a royal mummy
126916 | Tomb:3   | Noticed a royal mummy
126923 | Tomb:3   | Killed a royal mummy
126924 | Tomb:3   | Reached skill level 15 in Conjurations
126951 | Tomb:3   | Got a golden rune of Zot
126965 | Tomb:3   | Noticed a royal mummy
127013 | Tomb:3   | Noticed Khufu
127018 | Tomb:3   | Killed Khufu
127068 | Tomb:3   | Identified the +12 plate armour of Objectivity {Dex+4}
127069 | Tomb:3   | Identified the +0 halberd "Siovaobb" {spect, Stlth+}
127070 | Tomb:3   | Identified the +6 arbalest of Zoagymer {drain, Str+4 Int+4
                  | Dex+2}
127071 | Tomb:3   | Identified the amulet of Uxekeymi {RegenMP rElec rF+ rN+
                  | Dex+2}
127089 | Tomb:3   | Identified the +11 scale mail "Ciom Wef" {+Inv Int+3}
127095 | Tomb:3   | Identified the amulet of the Solstice {Faith *Slow Fragile
                  | rPois Regen+}
127381 | Tomb:3   | Killed a royal mummy
127385 | Tomb:3   | Killed a royal mummy
127418 | Tomb:3   | Killed a royal mummy
128443 | Zot:5    | Got the Orb of Zot
128922 | D:15     | Noticed Vyoth the pandemonium lord
128928 | D:15     | Killed Vyoth the pandemonium lord
128966 | D:14     | Noticed Oqayfeda the pandemonium lord
129156 | D:5      | Noticed Zenwaasy the pandemonium lord
129223 | D:$      | Escaped with the Orb!

Illustrated notes

Levels and vault maps discovered:
D:1:      lightli_arrival_isolated_outpost, layout_basic, serial_shops, shop,
          shop, shop, nicolae_shop_real_fake_doors, nicolae_shop_peninsula,
          minmay_hedge_maze
D:2:      layout_loops_corners, roderic_lattice_a
D:3:      layout_rooms, mainiacjoe_overflow_swirl, minmay_misc_feat_roman,
          goddamned_bats
D:4:      layout_rooms, minmay_temple_entry_gardened_gates,
          ebering_ghost_reflecting_pool
D:5:      layout_rooms, nicolae_ru_awakened_eye, nzn_wu_jian_contemplation
D:6:      layout_basic, grunt_qazlal_sundering, portal_sewer_entry_a
D:7:      layout_basic, nicolae_ossuary_entry_ruins, minmay_misc_feat_pillars
D:8:      layout_layer_cave, gammafunk_temple_overflow_wave, serial_shops, shop
D:9:      layout_gridville, mainiacjoe_overflow_boulevard, david_lair_shrubbed,
          serial_shops, nicolae_square_shop, minmay_nine_imps,
          uniq_prince_ribbit1
D:10:     layout_loops_ring, orc_david_3, serial_bayou_ford_a, uniq_joseph
D:11:     layout_gridville, serial_shops, nicolae_shop_peninsula, uniq_harold
D:12:     layout_stronghold, wad_hexagon
D:13:     layout_roguey [special_room_bee], grunt_vaults_entry_tiered,
          nicolae_vehumet_altar_sigil
D:14:     layout_layer_cave, serial_co_window_serial, co_window_cross_1,
          co_window_paths_a, co_window_corner_a, co_window_corner_a,
          co_window_corner_a, co_window_unsneaky_path_b, co_window_corner_b,
          co_window_cross_4, co_window_unsneaky_path_b, co_window_broadway_b,
          co_window_broadway_c, co_window_paths_d, glass_columns_a,
          glass_columns_b, glass_columns_b, glass_columns_a
D:15:     hangedman_depths_entry_try_elsewhere_first, layout_loops_ring,
          hangedman_abyss_or_decor_lesser_grid
Temple:   compressed_dpeg_circular_temple
Lair:1:   layout_hall_layers, nicolae_lair_lakeside_cave, grunt_megastairs_4,
          lemuel_fruit_tree, uniq_sonja, uniq_grum
Lair:2:   layout_cave_pods, minmay_snake_entry_six_corridors,
          serial_bayou_shore_b, grunt_megastairs_2
Lair:3:   layout_cave_pods, shoals_dummy_entry, uniq_fannar, uniq_gastronok
Lair:4:   layout_cave_pods, lemuel_old_faithful, uniq_kirke
Lair:5:   minmay_lair_end_enchanted_forest, layout_concentric_octagons,
          nicolae_slime_entry_field_trip, special_room
          [special_room_mythical_zoo], hellmonk_ghost_happy_afterlife
Shoals:1: layout_shoals, uniq_nikola
Shoals:2: gammafunk_sealed_arena, layout_shoals, serial_shops,
          nicolae_shop_tiny_waterfront, nicolae_shop_crystal,
          nicolae_lakefront_shop, uniq_frances
Shoals:3: layout_shoals, nicolae_shoals_pincushion_passage
Shoals:4: shoals_end_simple, layout_shoals, shoal_ilsuiw, uniq_mara
Snake:1:  layout_misc_corridors, serial_shops, shop, grunt_megastairs_3
Snake:2:  layout_grid_maze, ebering_ghost_disaster_area, drop_trap,
          minmay_shop_star, uniq_aizul
Snake:3:  layout_gridlike, nicolae_shop_clearance, uniq_jorgrun, uniq_roxanne,
          uniq_louise
Snake:4:  snake_pit, layout_onion, nicolae_snake_single_loop, eino_curves_04,
          abandoned_shop, nicolae_shop_overcharged_wands
Slime:1:  layout_caves
Slime:2:  layout_caves
Slime:3:  layout_caves
Slime:4:  layout_caves
Slime:5:  slime_pit_nicolae_inversion
Orc:1:    layout_caves, portal_ice_cave_entry_pillars_2, serial_shops,
          shop_statue, nicolae_orc_lost_temple
Orc:2:    kennysheep_orc_mage_school, layout_diamond_mine,
          nicolae_volcano_entry_hallway, minmay_orc_temple_a
Elf:1:    eino_elf_arrival_sip, layout_gridlike, serial_shops,
          nicolae_shop_hallway_stairs, kennysheep_underground_church,
          dreamdust_wishing_well, grunt_ministairs_9, corexii_hall_statues_i,
          uniq_agnes, uniq_asterion
Elf:2:    elven_hall_of_blades_hangedman_original [nicolae_blade_tridents],
          layout_geoelf_octagon, serial_shops, nicolae_shop_gaudy_bauble
Elf:3:    elf_hall, layout_rooms, serial_shops, shop
Vaults:1: nicolae_vaults_trapezoid_lopsided_2, grunt_vaults_twisty,
          vaults_room_grunt_arrival_ludios, nicolae_vaults_tangram_1,
          v_alt_pattern_5, nicolae_vaults_trapezoid_lopsided_2,
          vaults_room_stairs_pillars, nicolae_vaults_storage_closets_2,
          v_alt_pattern_2, nicolae_vaults_shipping_containers_5,
          nicolae_vaults_door_testing_chamber, nicolae_vaults_tetromino_T_1,
          nicolae_vaults_trapezoid_3, layout_vaults_omnibox, serial_shops, shop,
          uniq_saint_roka
Vaults:2: hangedman_vaults_variations, nicolae_vaults_shrinking_rooms_1,
          nicolae_vaults_what_the_h, v_rooms_3, v_misc_23, nicolae_vaults_heist,
          nicolae_vaults_little_squares_1, vaults_mumra_hexcomb,
          layout_vaults_chaotic_city
Vaults:3: nicolae_vaults_offset_grid_hallway_4,
          nicolae_vaults_trapezoid_lopsided_2, hangedman_vaults_pinch,
          nicolae_vaults_windows_and_doors_thing,
          vaults_room_hangedman_quadrants, nicolae_vaults_mini_display_case,
          ontoclasm_vaults_gateway, v_alt_pattern_4, nicolae_vaults_house_3,
          nicolae_vaults_house_2, vaults_room_fours, vaults_room_semicircle,
          v_pattern_2, vaults_room_corners, serial_ice_g,
          ontoclasm_vaults_twist, vaults_dpeg_hooks, layout_vaults_omnicross,
          dummy_crypt_entry, uniq_xtahua, uniq_boris
Vaults:4: hangedman_vaults_river_flow, nicolae_vaults_an_arrangement,
          nicolae_vaults_house_2, vaults_room_door_ring,
          nicolae_vaults_tetromino_T_1, nicolae_vaults_two_Ls,
          nicolae_vaults_double_plus_1, nicolae_vaults_house_1,
          layout_vaults_quadrants, uniq_bai_suzhen
Vaults:5
Crypt:1:  layout_gridlike, gammafunk_ghost_necromancy, lemuel_upstairs_altar,
          grunt_crypt_arrival_webbed
Crypt:2:  minmay_shadows, layout_regular_city, nicolae_letterblocks
          [nicolae_letter_subblock, nicolae_letter_subblock,
          nicolae_letter_subblock, nicolae_letter_subblock,
          nicolae_letter_subblock, nicolae_letter_subblock,
          nicolae_letter_subblock, nicolae_letter_subblock,
          nicolae_letter_subblock, nicolae_letter_subblock,
          nicolae_letter_subblock, nicolae_letter_subblock,
          nicolae_letter_subblock, nicolae_letter_subblock,
          nicolae_letter_subblock, nicolae_letter_subblock,
          nicolae_letter_subblock, nicolae_letter_subblock,
          nicolae_letter_subblock, nicolae_letter_subblock,
          nicolae_letter_subblock, nicolae_letter_subblock,
          nicolae_letter_subblock, nicolae_letter_subblock,
          nicolae_letter_subblock], grunt_megastairs_5
Crypt:3:  lightli_unholy_cathedral, layout_chaotic_city, uniq_grunn, uniq_mennas
Tomb:1
Tomb:2
Tomb:3
Depths:1: layout_basic, serial_aquarium, aquarium_bridge_square
          [aquarium_subvault_bridge, aquarium_subvault_bridge,
          aquarium_subvault_bridge, aquarium_subvault_wall],
          aquarium_bridge_long_joined [aquarium_subvault_bridge,
          aquarium_subvault_wall, aquarium_subvault_bridge,
          aquarium_subvault_window, aquarium_subvault_bridge,
          aquarium_subvault_bridge], aquarium_window_2,
          aquarium_window_corridor_2, aquarium_view_2d, aquarium_view_2e,
          aquarium_balcony_1b, aquarium_pool_five, abyss_entry, hell_entry,
          makhleb_altar_promises_db, firewood_loft, uniq_enchantress
Depths:2: grunt_crosshair, layout_gridlike, grunt_pan_entry_sceptre, hell_entry,
          hangedman_abyss_entry_splay, kennysheep_decorative_pillar,
          serial_shops, shop, slow_altar_2
Depths:3: minmay_the_grid_triangle_9x9_line_8_mashed
          [minmay_the_grid_triangle_9x9_subtriangle,
          minmay_the_grid_triangle_9x9_thin_v,
          minmay_the_grid_triangle_9x9_tough_junction,
          minmay_the_grid_triangle_9x9_flanged_cone,
          minmay_the_grid_triangle_9x9_corruption,
          minmay_the_grid_triangle_9x9_longest,
          minmay_the_grid_triangle_9x9_swiss_cheese,
          minmay_the_grid_triangle_9x9_prize_special], layout_gridlike,
          enter_ziggurat_b, grunt_mini_vestibule,
          nicolae_abyss_entry_one_way_or_another,
          chequers_serial_rivers_large_b, kennysheep_generic_room_13
Depths:4: evilmike_zot_entry_gauntlet, layout_basic, serial_shops,
          nicolae_inconvenience_store, hell_entry
Zot:1:    kennysheep_ambush_hall, layout_gridville
Zot:2:    layout_twisted_circle, zot_minivault_1
Zot:3:    layout_cathedral_of_symmetry
Zot:4:    layout_misc_corridors, nicolae_diode_basic
Zot:5:    layout_gridlike, drop_trap

Skill      XL: |  1  2  3  4  5  6  7  8  9 10 11 12 13 14 15 16 17 18 19 20 21 22 23 24 25 26 27 |
---------------+----------------------------------------------------------------------------------+-----
Stealth        | 1 2 3 |  3.0
Translocations | 1 2 |  2.0
Fighting       | 3 4 5 6 7 9 10 11 12 14 15 20 | 20.0
Earth Magic    | 3 4 5 |  5.0
Conjurations   | 4 5 7 8 9 11 12 16 | 16.8
Ice Magic      | 3 5 |  5.0
Spellcasting   | 3 6 8 9 10 12 13 14 15 18 19 20 27 | 27.0
Invocations    | 3 5 6 10 | 10.0
Dodging        | 3 6 9 10 13 15 24 | 24.0
Evocations     | 4 5 6 9 10 11 12 13 14 | 14.0
Armour         | 3 4 6 |  6.4
Poison Magic   | 5 |  5.0
Air Magic      | 4 5 7 9 10 11 13 16 | 16.0
Shields        | 4 |  4.0
Maces & Flails | 2 |  2.0
Transmutations | 5 6 |  6.0
Fire Magic     | 5 9 10 16 18 | 18.0
Summonings     | 4 11 12 | 12.0
Necromancy     | 5 8 |  8.0
Staves         | 5 |  5.8
Shapeshifting  | 16 | 16.0
Short Blades   | |  3.0

Action                     |  1- 3 |  4- 6 |  7- 9 | 10-12 | 13-15 | 16-18 | 19-21 | 22-24 | 25-27 || total
---------------------------+-------+-------+-------+-------+-------+-------+-------+-------+-------++-------
  Melee: Short sword       |    88 |   234 |       |       |       |       |       |       |       ||   322
         Dagger            |       |    79 |   353 |    28 |       |       |       |       |       ||   460
         Punch             |       |       |    11 |       |       |       |       |       |       ||    11
         Whip              |       |       |       |    15 |    43 |    24 |    12 |     3 |       ||    97
         Staff             |       |       |       |       |       |       |       |       |   263 ||   263
         Headbutt          |       |       |       |       |       |       |       |       |   120 ||   120
  Throw: Dart              |    27 |    20 |     9 |       |    12 |     3 |       |       |       ||    71
         Boomerang         |       |     1 |    32 |     8 |       |       |       |       |       ||    41
         Throwing net      |       |       |       |       |       |       |       |       |     3 ||     3
   Cast: Momentum Strike   |     8 |    13 |    13 |       |       |       |       |       |       ||    34
         Stone Arrow       |       |       |    38 |   189 |   254 |   282 |     6 |       |     1 ||   770
         Kiss of Death     |       |       |     1 |       |       |       |       |       |       ||     1
         Hailstorm         |       |       |    18 |    53 |    29 |    65 |    56 |     3 |    19 ||   243
         Blink             |       |       |     1 |       |       |     1 |     2 |       |     5 ||     9
         Olgreb's Toxic Ra |       |       |       |       |   136 |    69 |     3 |       |       ||   208
         Fulminant Prism   |       |       |       |       |     8 |       |       |       |       ||     8
         Freezing Cloud    |       |       |       |       |     5 |   145 |    36 |    12 |     9 ||   207
         Irradiate         |       |       |       |       |       |     4 |    10 |     7 |    29 ||    50
         Plasma Beam       |       |       |       |       |       |    59 |   394 |   470 |   911 ||  1834
         Spellforged Servi |       |       |       |       |       |       |       |    23 |   100 ||   123
         Sublimation of Bl |       |       |       |       |       |       |       |     1 |    50 ||    51
         Bombard           |       |       |       |       |       |       |       |       |    61 ||    61
         Maxwell's Capacit |       |       |       |       |       |       |       |       |    31 ||    31
         Ignition          |       |       |       |       |       |       |       |       |   181 ||   181
         Fire Storm        |       |       |       |       |       |       |       |       |     9 ||     9
         Apportation       |       |       |       |       |       |       |       |       |     7 ||     7
         Passwall          |       |       |       |       |       |       |       |       |     5 ||     5
 Invoke: Recall Ancestor   |       |       |     4 |     6 |     1 |     4 |     3 |     5 |    37 ||    60
         Ancestor Identity |       |       |     2 |       |       |       |       |       |       ||     2
         Ancestor Life: Kn |       |       |     1 |       |       |       |       |       |       ||     1
         Transference      |       |       |       |     1 |     3 |       |     2 |       |     6 ||    12
         Idealise          |       |       |       |       |     2 |     1 |     3 |     6 |    26 ||    38
Ability: Begin Untransform |       |       |       |       |       |       |       |       |     4 ||     4
  Evoke: Wand              |       |       |     2 |    11 |    11 |    20 |    22 |    27 |    31 ||   124
         Box of beasts     |       |       |       |       |       |     2 |       |     3 |     6 ||    11
         Phantom mirror    |       |       |       |       |       |       |       |       |     3 ||     3
         Phial of floods   |       |       |       |       |       |       |       |       |     2 ||     2
    Use: Scroll            |     9 |     6 |    12 |    13 |     2 |     4 |     5 |     1 |    40 ||    92
         Potion            |       |       |     3 |     1 |     1 |     6 |     2 |     2 |    74 ||    89
   Stab: Sleeping          |     2 |     3 |    11 |     1 |       |       |       |       |       ||    17
         Invisible         |       |       |     1 |       |       |       |       |     1 |       ||     2
         Distracted        |       |       |       |     2 |     1 |       |       |       |    11 ||    14
 Armour: Leather armour    |    36 |   286 |   202 |     6 |       |       |       |       |       ||   530
         Steam dragon scal |       |       |       |    57 |    88 |   161 |    93 |       |       ||   399
         Robe              |       |       |       |       |       |       |    30 |    67 |   411 ||   508
         Skin              |       |       |       |       |       |       |       |       |   117 ||   117
  Dodge: Dodged            |    42 |   248 |   203 |    62 |    85 |   110 |    94 |   106 |  1022 ||  1972
  Block: Other             |       |       |    16 |    26 |    20 |       |       |       |       ||    62
         Reflection        |       |       |       |     3 |       |    13 |       |       |       ||    16
         Buckler           |       |       |       |       |    21 |    36 |       |       |     8 ||    65
         Orb               |       |       |       |       |       |    17 |       |       |       ||    17
   Form: Statue            |       |       |       |       |       |       |       |       |     4 ||     4

Table legend: (Time is in decaauts)
 A = Elapsed time spent in this place.
 B = Non-inter-level travel time spent in this place.
 C = Inter-level travel time spent in this place.
 D = Time resting spent in this place.
 E = Time spent auto-exploring this place.
 F = Levels seen in this place.
 G = Mean time per level.
                   A        B        C        D        E       F      G
               +--------+--------+--------+--------+--------+-----+--------+
         Total | 131484 | 115034 |  16450 |  12866 |  81799 |  99 | 1328.1 |
       Dungeon |  28968 |  22378 |   6590 |   4101 |  12785 |  15 | 1931.2 |
        Temple |    121 |    112 |      9 |     56 |     32 |   1 |  121.0 |
          Lair |  12219 |  10623 |   1596 |    828 |   8492 |   5 | 2443.8 |
        Shoals |   7558 |   6782 |    776 |    365 |   5796 |   4 | 1889.5 |
     Snake Pit |   8354 |   7553 |    801 |     77 |   6467 |   4 | 2088.5 |
    Slime Pits |   4464 |   4193 |    271 |   2481 |   1095 |   5 |  892.8 |
  Orcish Mines |   3549 |   2503 |   1046 |     53 |   1969 |   2 | 1774.5 |
   Elven Halls |   6662 |   6054 |    608 |    476 |   4904 |   3 | 2220.7 |
        Vaults |  15574 |  14436 |   1138 |    705 |  12167 |   5 | 3114.8 |
         Crypt |   7350 |   6740 |    610 |     82 |   5875 |   3 | 2450.0 |
          Tomb |   4080 |   3715 |    365 |    393 |   2498 |   3 | 1360.0 |
        Depths |  10594 |   8941 |   1653 |    569 |   7132 |   4 | 2648.5 |
           Zot |   9920 |   8936 |    984 |   1024 |   7109 |   5 | 1984.0 |
         Abyss |    793 |    793 |      0 |      4 |    443 |   3 |  264.3 |
   Pandemonium |   5525 |   5525 |      0 |    863 |   1445 |  20 |  276.2 |
      Ziggurat |   2071 |   2071 |      0 |     69 |   1572 |  13 |  159.3 |
         Sewer |    839 |    839 |      0 |      2 |    601 |   1 |  839.0 |
       Ossuary |    815 |    815 |      0 |    100 |    520 |   1 |  815.0 |
      Ice Cave |   1182 |   1182 |      0 |    250 |    601 |   1 | 1182.0 |
       Volcano |    837 |    837 |      0 |    363 |    292 |   1 |  837.0 |
               +--------+--------+--------+--------+--------+-----+--------+

Top non-repeatable levels by time:
  Lair:1: 3504 daAuts
Vaults:2: 3397 daAuts
Vaults:1: 3339 daAuts
Vaults:3: 3228 daAuts
     D:1: 3191 daAuts
  Lair:5: 3106 daAuts
Depths:1: 3074 daAuts
   Zot:5: 3015 daAuts
Vaults:4: 2963 daAuts
 Crypt:2: 2873 daAuts
 Snake:4: 2771 daAuts
Depths:2: 2713 daAuts
Depths:3: 2663 daAuts
   Orc:2: 2658 daAuts
Vaults:5: 2646 daAuts
